 Dungeon Crawl Stone Soup version 0.24.0-123-gd5b16e6ec5 (webtiles) character file.

Game seed: 4044562035960889381, levelgen mode: deterministic

12072796 Hasart the Petrodigitator (level 27, 181/181 (182) HPs)
             Began as a Vampire Earth Elementalist on Jan 15, 2020.
             Was an Initiate of Gozag.
             Escaped with the Orb
             ... and 15 runes on Jan 18, 2020!
             The game lasted 11:36:34 (134695 turns).

Hasart the Petrodigitator (VpEE)                  Turns: 134695, Time: 11:36:35

HP:   181/181 (182) AC: 19    Str:  7    XL:     27
MP:   10/54         EV: 30    Int: 43    God:    Gozag
Gold: 6621          SH: 16    Dex: 35    Spells: 12/80 levels left

rFire    + . .     SeeInvis +   r - +8 spear "Arcanum" {speed, rElec rN+ Int+9}
rCold    + + +     Gourm    .   N - +1 shield {AC+3}
rNeg     + + +     Faith    .   Y - +1 leather armour of the Shrike {rPois Regen+ Int+4 Dex+3}
rPois    +         Spirit   .   z - +1 helmet "Rauphixa" {rN+ Str+4 Dex+4 SInv}
rElec    +         Reflect  .   Q - +1 cloak of Gumul {rElec rPois rC++ Str-3}
rCorr    .         Harm     .   S - +3 pair of gauntlets of War {Slay+5}
MR       ++...                  Z - +2 pair of boots {run}
Stlth    +++.......             m - amulet "Luafa" {RegenMP Str+2 Dex+4}
HPRegen  1.00/turn              J - ring "Dyx Ote" {*Contam rC+ Int+3 Dex+8}
MPRegen  0.59/turn              F - ring "Meladuy" {rF+ rC+ rN+ Str-3 Int+2}

@: gold aura, regenerating quickly, studying 2 skills, quick
A: no food, fangs 3, camouflage 1, see invisible, cold resistance 1, dopey 2,
frail 1, screaming 1, unbreathing, subdued magic 1
0: Orb of Zot
}: 15/15 runes: decaying, serpentine, slimy, silver, golden, iron, obsidian,
icy, bone, abyssal, demonic, glowing, magical, fiery, dark
a: Exsanguinate, Potion Petition, Call Merchant, Bribe Branch, Renounce Religion


You escaped.
You worshipped Gozag.
Gozag was greatly pleased with you.
You were alive.

You visited 18 branches of the dungeon, and saw 90 of its levels.
You visited Pandemonium 1 time, and saw 13 of its levels.
You visited the Abyss 5 times.
You also visited: Trove, Ossuary, Gauntlet and Ice Cave.

You collected 52740 gold pieces.
You spent 12805 gold pieces at shops.
You paid 33314 gold pieces to Gozag.

Inventory:

Hand Weapons
 b - the +6 Majin-Bo {vamp, Archmagi MP+6 Int+6}
   (You found it on level 2 of the Depths)

   It inflicts no extra harm, but heals its wielder when it wounds a living foe.
   It affects your intelligence (+6).
   It affects your magic capacity (+6).
 r - the +8 spear "Arcanum" (weapon) {speed, rElec rN+ Int+9}
   (You found it in Pandemonium)

   Attacks with this weapon are significantly faster.
   It affects your intelligence (+9).
   It insulates you from electricity.
   It protects you from negative energy.
 V - the +4 dagger "Morg" {pain, MR+ Int+5}
   (You found it on level 5 of the Pits of Slime)

   In the hands of one skilled in necromantic magic, it inflicts extra damage on
   living creatures.
   It affects your intelligence (+5).
   It affects your resistance to hostile enchantments.
Armour
 d - the +3 ring mail of Lugonu's Delight {+Inv MR+++ Int-3}
   (You bought it in a shop on level 14 of the Dungeon)

   It affects your intelligence (-3).
   It affects your resistance to hostile enchantments.
   It lets you turn invisible.
 e - the +0 pair of gloves of Servitude {rC- rN++ Dex+9 SInv}
   (You found it in a treasure trove)

   It affects your dexterity (+9).
   It makes you vulnerable to cold.
   It greatly protects you from negative energy.
   It lets you see invisible.
 z - the +1 helmet "Rauphixa" (worn) {rN+ Str+4 Dex+4 SInv}
   (You acquired it on level 2 of the Snake Pit)

   It affects your strength (+4).
   It affects your dexterity (+4).
   It protects you from negative energy.
   It lets you see invisible.
 N - a +1 shield of protection (worn)
 Q - the +1 cloak of Gumul (worn) {rElec rPois rC++ Str-3}
   (You bought it in a shop on level 14 of the Dungeon)

   It affects your strength (-3).
   It greatly protects you from cold.
   It insulates you from electricity.
   It protects you from poison.
 R - the +0 Maxwell's etheric cage {RegenMP+ *Contam rElec MP+4}
   (You acquired it in Pandemonium)

   It insulates you from electricity.
   It affects your magic capacity (+4).
   It causes magical contamination when unequipped.
 S - the +3 pair of gauntlets of War (worn) {Slay+5}
   (You found it in a treasure trove)

   It affects your accuracy and damage with ranged weapons and melee attacks
   (+5).
 Y - the +1 leather armour of the Shrike (worn) {rPois Regen+ Int+4 Dex+3}
   (You bought it in a shop on level 15 of the Dungeon)

   It affects your intelligence (+4).
   It affects your dexterity (+3).
   It protects you from poison.
   It increases your rate of regeneration.
 Z - a +2 pair of boots of running (worn)
Jewellery
 j - an uncursed ring of resist corrosion
 m - the amulet "Luafa" (around neck) {RegenMP Str+2 Dex+4}
   (You bought it in a shop on level 5 of the Dungeon)

   [amulet of magic regeneration]

   It increases your magic regeneration.
   It affects your strength (+2).
   It affects your dexterity (+4).
 x - the cursed ring "Peff" {MR++ AC-3}
   (You took it off a deep elf mage on level 3 of the Elven Halls)

   [ring of protection]

   It affects your AC (-3).
   It affects your resistance to hostile enchantments.
   It has a curse placed upon it.
 F - the ring "Meladuy" (right hand) {rF+ rC+ rN+ Str-3 Int+2}
   (You found it on level 12 of the Dungeon)

   [ring of protection from cold]

   It affects your strength (-3).
   It affects your intelligence (+2).
   It protects you from fire.
   It protects you from cold.
   It protects you from negative energy.
 J - the ring "Dyx Ote" (left hand) {*Contam rC+ Int+3 Dex+8}
   (You took it off a centaur on level 10 of the Dungeon)

   [ring of protection from cold]

   It affects your intelligence (+3).
   It affects your dexterity (+8).
   It protects you from cold.
   It causes magical contamination when unequipped.
 L - an uncursed ring of flight
 M - the amulet of Kyor {rPois rC+ Regen+ Int+2}
   (You took it off a vault sentinel on level 2 of the Vaults)

   [amulet of regeneration]

   It affects your intelligence (+2).
   It protects you from cold.
   It protects you from poison.
   It increases your rate of regeneration.
Wands
 p - a wand of iceblast (81)
 u - a wand of digging (25)
 C - a wand of clouds (5)
 K - a wand of scattershot (11)
 T - a wand of acid (15)
Scrolls
 f - 6 scrolls of amnesia
 g - 34 scrolls of remove curse
 i - 24 scrolls of identify
 k - 22 scrolls of teleportation
 n - 16 scrolls of enchant armour
 s - a scroll of brand weapon
 A - 7 scrolls of fog
 H - 2 scrolls of magic mapping
 P - 4 scrolls of blinking
 U - a scroll of fear
Potions
 a - 40 potions of curing
 c - a potion of flight
 h - 8 potions of haste
 l - 11 potions of brilliance
 t - 6 potions of invisibility
 B - 7 potions of magic
 D - 4 potions of resistance
 E - 2 potions of cancellation
 G - 4 potions of agility
 I - 10 potions of ambrosia
 O - 15 potions of heal wounds
Books
 q - a manual of Fighting
 w - a manual of Stealth
 y - a manual of Fighting
Miscellaneous
 v - 15 sacks of spiders


   Skills:
 + Level 13.9 Fighting
   Level 7.0 Axes
 - Level 4.0 Armour
 - Level 15.0 Dodging
 - Level 18.0 Stealth
 - Level 15.0 Shields
 O Level 27 Spellcasting
 + Level 20.6 Conjurations
 - Level 6.0 Charms
 - Level 18.0 Necromancy
 - Level 1.1 Transmutations
 + Level 25.7 Fire Magic
 - Level 4.0 Air Magic
 O Level 27 Earth Magic
   Level 4.0 Poison Magic
 - Level 5.0 Evocations


You had 12 spell levels left.
You knew the following spells:

 Your Spells              Type           Power        Failure   Level  Hunger
a - Infestation           Necr           ########..   1%          8    N/A
b - Fire Storm            Conj/Fire      ########..   1%          9    N/A
c - Lee's Rapid Deconstr  Erth           ########..   0%          5    N/A
d - Borgnjor's Vile Clut  Necr/Erth      ########..   0%          5    N/A
e - Swiftness             Chrm/Air       ######..     1%          2    N/A
f - Blink                 Tloc           N/A          1%          2    N/A
g - Ring of Flames        Chrm/Fire      #######...   1%          7    N/A
h - Passwall              Tmut/Erth      #######.     0%          2    N/A
q - Lehudib's Crystal Sp  Conj/Erth      ########..   1%          8    N/A
s - Iron Shot             Conj/Erth      ########..   0%          6    N/A
v - Shatter               Erth           ########..   1%          9    N/A
x - Sublimation of Blood  Necr           ########..   0%          2    N/A
z - Regeneration          Chrm/Necr      #######...   0%          3    N/A

Your spell library contained the following spells:

 Spells                   Type           Power        Failure   Level  Hunger
 Animate Skeleton         Necr           N/A          0%          1    N/A
 Flame Tongue             Conj/Fire      #####        0%          1    N/A
 Infusion                 Chrm           ####         0%          1    N/A
 Magic Dart               Conj           ####         0%          1    N/A
 Pain                     Necr           ####         0%          1    N/A
 Sandblast                Erth           ######       0%          1    N/A
 Shock                    Conj/Air       ####         0%          1    N/A
 Corpse Rot               Necr           N/A          0%          2    N/A
 Searing Ray              Conj           ######       0%          2    N/A
 Throw Frost              Conj/Ice       ######       0%          2    N/A
 Conjure Flame            Conj/Fire      ########     0%          3    N/A
 Dazzling Spray           Conj/Hex       ######       0%          3    N/A
 Ignite Poison            Fire/Tmut/Pois #######.     0%          3    N/A
 Inner Flame              Hex/Fire       #######.     0%          3    N/A
 Mephitic Cloud           Conj/Pois/Air  #######.     0%          3    N/A
 Static Discharge         Conj/Air       #######.     0%          3    N/A
 Stone Arrow              Conj/Erth      ######       0%          3    N/A
 Vampiric Draining        Necr           ########..   0%          3    N/A
 Animate Dead             Necr           N/A          0%          4    N/A
 Iskenderun's Mystic Bla  Conj           ########     0%          4    N/A
 Leda's Liquefaction      Hex/Erth       #######...   0%          4    N/A
 Petrify                  Tmut/Erth      #######.     0%          4    N/A
 Agony                    Necr           ########     0%          5    N/A
 Bolt of Draining         Conj/Necr      ########..   0%          5    N/A
 Bolt of Magma            Conj/Fire/Erth ########..   0%          5    N/A
 Fireball                 Conj/Fire      ########..   0%          5    N/A
 Death Channel            Necr           ########..   0%          6    N/A
 Apportation              Tloc           #####.       1%          1    N/A
 Beastly Appendage        Tmut           ######       1%          1    N/A
 Confusing Touch          Hex            #####.       1%          1    N/A
 Corona                   Hex            #####..      1%          1    N/A
 Freeze                   Ice            ####         1%          1    N/A
 Summon Butterflies       Summ           #####...     1%          1    N/A
 Summon Small Mammal      Summ           ####         1%          1    N/A
 Call Imp                 Summ           #####...     1%          2    N/A
 Ensorcelled Hibernation  Hex/Ice        #####.       1%          2    N/A
 Poisonous Vapours        Pois/Air       ######       1%          2    N/A
 Shroud of Golubria       Chrm/Tloc      ######       1%          2    N/A
 Slow                     Hex            #####...     1%          2    N/A
 Song of Slaying          Chrm           ######..     1%          2    N/A
 Sticks to Snakes         Tmut           ######..     1%          2    N/A
 Call Canine Familiar     Summ           #####...     1%          3    N/A
 Confuse                  Hex            #####...     1%          3    N/A
 Gell's Gravitas          Tloc           #####.....   1%          3    N/A
 Lesser Beckoning         Tloc           #####.....   1%          3    N/A
 Ozocubu's Armour         Chrm/Ice       ######..     1%          3    N/A
 Portal Projectile        Hex/Tloc       #####.       1%          3    N/A
 Recall                   Summ/Tloc      N/A          1%          3    N/A
 Spectral Weapon          Hex/Chrm       ######..     1%          3    N/A
 Spider Form              Tmut/Pois      ######....   1%          3    N/A
 Summon Guardian Golem    Hex/Summ       #####...     1%          3    N/A
 Teleport Other           Tloc           #####...     1%          3    N/A
 Tukima's Dance           Hex            #####...     1%          3    N/A
 Airstrike                Air            ######....   1%          4    N/A
 Force Lance              Conj/Tloc      #######.     1%          4    N/A
 Fulminant Prism          Conj/Hex       #######...   1%          4    N/A
 Summon Lightning Spire   Summ/Air       ######..     1%          4    N/A
 Throw Icicle             Conj/Ice       #######.     1%          4    N/A
 Irradiate                Conj/Tmut      #######...   1%          5    N/A
 Iskenderun's Battlesphe  Conj/Chrm      #######.     1%          5    N/A
 Lightning Bolt           Conj/Air       #######...   1%          5    N/A
 Venom Bolt               Conj/Pois      #######...   1%          5    N/A
 Conjure Ball Lightning   Conj/Air       #######...   1%          6    N/A
 Freezing Cloud           Conj/Ice/Air   #######...   1%          6    N/A
 Poison Arrow             Conj/Pois      #######...   1%          6    N/A
 Simulacrum               Ice/Necr       #######...   1%          6    N/A
 Statue Form              Tmut/Erth      #######..    1%          6    N/A
 Orb of Destruction       Conj           ########..   1%          7    N/A
 Ignition                 Fire           ########..   1%          8    N/A
 Cause Fear               Hex            #####.....   2%          4    N/A
 Ice Form                 Ice/Tmut       #####...     2%          4    N/A
 Summon Ice Beast         Ice/Summ       #####...     2%          4    N/A
 Alistair's Intoxication  Tmut/Pois      ######..     2%          5    N/A
 Silence                  Hex/Air        ######....   3%          5    N/A
 Spellforged Servitor     Conj/Summ      #######...   3%          7    N/A
 Blade Hands              Tmut           ######....   4%          5    N/A
 Deflect Missiles         Chrm/Air       ######....   5%          6    N/A
 Haunt                    Necr/Summ      #######...   6%          7    N/A
 Yara's Violent Unravell  Hex/Tmut       #####.....   7%          5    N/A
 Aura of Abjuration       Summ           #####.....   8%          5    N/A
 Metabolic Englaciation   Hex/Ice        #####.....   8%          5    N/A
 Summon Demon             Summ           #####.....   8%          5    N/A
 Summon Forest            Summ/Tloc      #####.....   8%          5    N/A
 Summon Mana Viper        Hex/Summ       #####...     8%          5    N/A
 Chain Lightning          Conj/Air       #######...   13%         8    N/A
 Hydra Form               Tmut           ######....   30%         6    N/A
 Darkness                 Hex            #####.....   45%         6    N/A
 Dispersal                Tloc           #####.....   45%         6    N/A
 Invisibility             Hex            #####...     45%         6    N/A
 Shadow Creatures         Summ           N/A          45%         6    N/A
 Malign Gateway           Summ/Tloc      #####.....   96%         7    N/A
 Monstrous Menagerie      Summ           #####.....   96%         7    N/A
 Summon Greater Demon     Summ           #####.....   96%         7    N/A
 Summon Hydra             Summ           #####.....   96%         7    N/A
 Glaciate                 Conj/Ice       #######...   99%         9    N/A
 Controlled Blink         Tloc           N/A          100%        8    N/A
 Discord                  Hex            #####.....   100%        8    N/A
 Disjunction              Tloc           #####.....   100%        8    N/A
 Summon Horrible Things   Summ           #####.....   100%        8    N/A
 Tornado                  Air            ######....   100%        9    N/A
 Borgnjor's Revivificati  Necr           Unusable     N/A         8    N/A
 Passage of Golubria      Tloc           Unusable     N/A         4    N/A
 Death's Door             Chrm/Necr      Unusable     N/A         8    N/A
 Necromutation            Tmut/Necr      Unusable     N/A         8    N/A

Dungeon Overview and Level Annotations

Branches:
Dungeon (15/15)            Temple (1/1) D:4            Lair (6/6) D:11
  Swamp (4/4) Lair:3        Snake (4/4) Lair:2        Slime (5/5) Lair:5
    Orc (2/2) D:12            Elf (3/3) Orc:2        Vaults (5/5) D:14
  Crypt (3/3) Vaults:3       Tomb (3/3) Crypt:3      Depths (5/5) D:15
   Hell (visited)             Dis (7/7) Hell            Geh (7/7) Hell
    Coc (7/7) Hell            Tar (7/7) Hell            Zot (5/5) Depths:5
Ossuary (visited)           IceCv (visited)         Gauntlet (visited)

Altars:
Ashenzari
Cheibriados
Dithmenos
Elyvilon
Fedhas
Gozag
Hepliaklqana
Kikubaaqudgha
Makhleb
Nemelex Xobeh
Okawaru
Qazlal
Ru
Sif Muna
Trog
Uskayaw
Vehumet
Wu Jian
Xom
Yredelemnul
Zin
The Shining One
Beogh
Jiyva

Shops:
D:5 =   D:7 (%[   D:14 }:[[=   D:15 =[   Orc:1 =   Orc:2 (:*%   Elf:1 ([(([
Elf:2 }   Lair:1 [[:[*   Snake:1 (}   Snake:2 }   Vaults:4 (   Vaults:5 (
Zot:5 !   Depths:1 *   Depths:5 [*

Portals:
Hell: Depths:1 Depths:2 Depths:3 Depths:4 Depths:5
Abyss: Depths:1 Depths:3 Depths:4
Pandemonium: Orc:2 Depths:2 Depths:3
Ziggurat: Depths:3

Annotations:
Lair:4 3 runed translucent doors, Zaegoraum's ghost, journeyman DsAK
Depths:4 2 runed translucent doors, Nebesus's ghost, veteran GrFi


Innate Abilities, Weirdness & Mutations

You do not eat.
Your natural rate of healing is unusually fast.
You have razor-sharp teeth.
You have supernaturally acute eyesight. (SInv)
You can survive without breathing.
Your skin changes colour to match your surroundings (Stealth+).
Your flesh is cold resistant. (rC+)
You are very dopey. (Int -4)
You are frail. (-10% HP)
You occasionally shout uncontrollably at your foes.
Your spells are a little easier to cast, but a little less powerful.


Message History

Aiming: Lehudib's Crystal Spear (safe; 1% risk of failure)
Press: ? - help, Shift-Dir - straight line, f/p - lorocyproca
Aim: a lorocyproca (slightly transparent)
The crystal spear hits the lorocyproca!!!
The lorocyproca is almost dead.
You block the lorocyproca's attack.
Casting: Lehudib's Crystal Spear (safe; 1% risk of failure)
Confirm with . or Enter, or press ? or * to list all spells.
Aiming: Lehudib's Crystal Spear (safe; 1% risk of failure)
Press: ? - help, Shift-Dir - straight line, f/p - lorocyproca
Aim: a lorocyproca (almost dead, slightly transparent)
Okay, then.
Casting: Lehudib's Crystal Spear (safe; 1% risk of failure)
Confirm with . or Enter, or press ? or * to list all spells.
The dungeon rumbles!
You kill the lorocyproca!
You destroy the large abomination! x2
Ka-crash!
Unknown command.
Unknown command.
You have escaped!

.........###...[..%..###.........
........####........## ##........
........#.#.........### #.#####+#
........#...#.......#.###.#####.#
.###.................#.#.........
.###.........................##..
...#.........................##..
............$................##..
.$..........$..$@............#...
.....#.......................#...
.....#.......................#...
#....#.......................#...
.....#....##.........###...###...
.....#..## ##........# ##..#.....
.....#..# #.......## #..#.....
.....#..## ##.......## ##..#.....
.##......###.........###...#.....


There were no monsters in sight!

Vanquished Creatures
  Antaeus (Coc:7)
  Asmodeus (Geh:7)
  Ereshkigal (Tar:7)
  the Serpent of Hell (Dis:7)
  Lom Lobon (Pan)
  Khufu (Crypt:2)
  Mara (Vaults:5)
  4 orbs of fire
  Dispater (Dis:7)
  Mennas (Tomb:1)
  A juggernaut (Depths:4)
  9 ancient liches
  19 greater mummies
  2 Killer Klowns (Zot:5)
  Bai Suzhen (Depths:2)
  Boris (twice) (Crypt:2 Crypt:3)
  Margery (Vaults:4)
  Saint Roka (Depths:1)
  The ghost of MendTheBones the Eclecticist, a veteran GnWz of Okawaru (Depths:4)
  A shard shrike (Coc:2)
  The ghost of Deith the Sorcerer, a veteran DEFE of Vehumet (Depths:4)
  Geryon (Hell)
  2 curse toes (Crypt:3)
  Nikola (D:14)
  10 golden dragons
  7 Tzitzimimeh
  A pearl dragon (Depths:1)
  6 bone dragons
  the Enchantress (Depths:1)
  2 iron giants
  9 Brimstone Fiends
  A doom hound (Tar:3)
  16 liches
  2 electric golems
  Jorgrun (D:13)
  Rupert (Orc:1)
  2 pandemonium lords (Pan)
  7 Hell Sentinels
  12 Ice Fiends
  Asterion (Elf:2)
  8 tentacled monstrosities
  23 Orb Guardians
  9 titans
  2 deep elf master archers (Elf:3)
  3 quicksilver dragons
  3 deep elf blademasters
  14 acid blobs
  14 tentacled starspawn
  Kirke (Snake:2)
  5 death cobs
  8 sphinxes
  A thorn hunter (Swamp:2)
  21 Executioners
  13 shadow dragons
  10 ancient champions
  6 tengu reavers
  A sphinx (shapeshifter) (Vaults:5)
  The ghost of RandomHijinx the Earth Mage, an adept BaEE of Hepliaklqana (Swamp:2)
  9 draconian monks
  14 storm dragons
  Agnes (Snake:2)
  4 nagarajas
  2 daevas (Pan)
  10 azure jellies
  13 frost giants
  8 revenants
  6 iron dragons
  4 draconian knights
  5 fire giants
  3 ghost moths (Pan)
  Aizul (Snake:2)
  Louise (Depths:1)
  2 warmongers (Pan)
  11 ghouls
  3 deep elf sorcerers
  3 draconian stormcallers
  16 cacodemons (Pan)
  4 curse skulls
  22 ironheart preservers
  A draconian scorcher (Depths:5)
  3 spriggan defenders (Depths:1)
  5 deep elf elementalists
  13 vault wardens
  2 angels (Pan)
  26 balrugs
  2 draconian annihilators
  19 stone giants
  3 elemental wellsprings
  41 very ugly things
  15 reapers
  3 entropy weavers
  An ophan (Depths:1)
  A caustic shrike skeleton (Crypt:1)
  7 war gargoyles
  3 blood saints (Pan)
  4 green draconians
  5 vampire knights
  4 corrupters (Pan)
  A minotaur (Gauntlet)
  6 deep elf demonologists
  A dire elephant (D:15)
  8 purple draconians
  8 lorocyprocas
  11 deep elf annihilators
  7 red draconians
  5 black draconians
  3 apis
  13 spark wasps
  3 white draconians
  4 yellow draconians
  13 blizzard demons
  4 eidola
  11 ettins
  8 fire dragons
  2 death oozes
  12 mummy priests
  4 jiangshi (Crypt:2)
  11 great orbs of eyes
  11 deep elf death magi
  6 green deaths
  A quicksilver dragon zombie (Geh:4)
  6 deep elf high priests
  Erolcha (Orc:1)
  A quicksilver dragon skeleton (Pan)
  2 shambling mangroves (Swamp:3)
  14 yaktaur captains
  7 rakshasas
  33 ice dragons
  11 hydras
  A spriggan air mage (Depths:1)
  15 naga warriors
  45 vault guards
  3 catoblepae
  4 anacondas
  6 centaur warriors
  A ghost crab (Swamp:1)
  8 alligators
  50 two-headed ogres
  7 deep troll shamans
  7 death knights
  39 death scarabs
  20 ogre magi
  A satyr (shapeshifter) (Vaults:5)
  4 tengu warriors
  7 spriggan berserkers
  16 hell hogs
  17 thrashing horrors
  A death yak (shapeshifter) (Depths:4)
  4 shock serpents
  8 orc high priests
  Urug (D:12)
  6 deep troll earth magi
  A shock serpent (shapeshifter) (Abyss:1)
  7 vampire magi
  Nergalle (D:11)
  22 soul eaters
  14 naga sharpshooters
  2 iron golems (Hell)
  20 deep elf knights
  2 storm dragon zombies
  9 wretched stars
  Sonja (Lair:6)
  48 sun demons
  25 sixfirhies
  2 salamander mystics (Snake:4)
  32 hell knights
  46 skeletal warriors
  4 spatial maelstroms
  A storm dragon skeleton (Dis:7)
  21 shadow wraiths
  2 iron trolls
  A golden dragon zombie (Coc:2)
  A spriggan druid (Swamp:4)
  4 anaconda zombies
  5 unseen horrors
  29 starcursed masses
  8 flayed ghosts
  17 shadow demons
  7 glowing orange brains
  4 torturous demonspawn
  28 deep trolls
  6 wizards
  A glowing orange brain (shapeshifter) (Vaults:5)
  5 gelid demonspawn
  4 swamp dragons
  A kraken simulacrum (Coc:3)
  2 infernal demonspawn (Pan)
  22 ironbrand convokers
  An obsidian statue (Crypt:3)
  19 deep elf archers
  4 naga ritualists
  Pikel (D:5)
  A golden dragon skeleton (Pan)
  A lindwurm (shapeshifter) (Vaults:3)
  A harpy (D:14)
  An anaconda skeleton (Hell)
  18 necromancers
  15 phantasmal warriors
  A stone giant zombie (Crypt:2)
  24 orc knights
  10 orc sorcerers
  An iron dragon zombie (Crypt:2)
  4 fire giant zombies
  4 shining eyes
  A salamander (shapeshifter) (Vaults:1)
  3 shadow dragon skeletons
  60 ugly things
  8 salamanders
  75 deep elf magi
  7 mana vipers
  13 moths of wrath
  2 oklob plants
  A cyclops (shapeshifter) (Depths:1)
  6 cyclopes
  5 worldbinders
  3 iron dragon skeletons
  3 wolf spiders
  5 frost giant skeletons
  3 manticores
  12 naga magi
  6 elephants
  A dire elephant zombie (Coc:2)
  40 black mambas
  Maurice (D:12)
  2 stone giant skeletons
  4 apocalypse crabs
  2 centaur zombies
  A moth of wrath (shapeshifter) (Vaults:5)
  5 guardian serpents
  2 guardian serpents (shapeshifter)
  15 rust devils
  19 vault sentinels
  29 smoke demons
  2 eyes of devastation (Slime:5)
  4 ice statues
  20 orange demons
  12 molten gargoyles
  2 gargoyles
  An emperor scorpion zombie (Crypt:2)
  10 hellions
  5 centaur skeletons
  61 yaktaurs
  42 large abominations
  A titan simulacrum (Abyss:3)
  A spiny frog (shapeshifter) (D:13)
  3 kobold demonologists
  2 dire elephant skeletons
  12 demonic crawlers (Pan)
  11 komodo dragons
  A rime drake (shapeshifter) (Vaults:1)
  35 spiny frogs
  2 komodo dragons (shapeshifter)
  26 hellwings
  32 freezing wraiths
  2 tengu conjurers
  17 tormentors
  A red draconian skeleton (Crypt:2)
  15 efreet
  4 ancient zymes
  5 trolls
  30 ice devils
  5 hydra zombies
  38 red devils
  A shadow dragon simulacrum (Coc:3)
  A troll (shapeshifter) (Vaults:1)
  16 guardian mummies
  12 tyrant leeches
  2 queen bees
  4 harpy skeletons
  A jumping spider (shapeshifter) (Vaults:2)
  A merfolk (shapeshifter) (Vaults:5)
  3 polar bears
  19 hornets
  4 hydra skeletons (Hell)
  A tengu simulacrum (Vaults:1)
  2 dream sheep (shapeshifter)
  11 hippogriffs
  94 slime creatures
  A harpy zombie (Abyss:2)
  2 raiju (shapeshifter)
  33 blink frogs
  17 raiju
  3 stone giant simulacra
  5 bog bodies
  7 dream sheep (Lair:4)
  2 alligator zombies
  An ettin zombie (Abyss:3)
  2 air elementals (Elf:1)
  56 flying skulls
  3 black mamba zombies
  10 spriggans
  31 ynoxinuls
  Sigmund (D:4)
  8 shadows
  A vampire (D:15)
  2 ettin skeletons
  5 redbacks
  4 ice dragon skeletons
  A wyvern (shapeshifter) (Depths:4)
  5 fire dragon skeletons
  5 wyverns
  24 yaks
  11 fire elementals
  8 wraiths
  2 alligator skeletons
  12 water elementals
  30 neqoxecs
  A hog (Snake:2)
  8 ushabtiu
  Grum (D:11)
  A black mamba skeleton (Geh:4)
  27 chaos spawn
  6 hungry ghosts
  5 golden eyes
  A basilisk (D:15)
  3 swamp worm simulacra (Swamp:4)
  19 small abominations
  Menkaure (D:4)
  31 vampire mosquitoes
  16 insubstantial wisps
  58 nagas
  Edmund (D:4)
  15 swamp worms
  7 wargs
  3 acid dragons
  9 spatial vortices
  16 hydra simulacra
  8 water moccasins
  A swamp worm (shapeshifter) (Depths:5)
  14 hell hounds
  A spiny frog zombie (Hell)
  A deep troll skeleton (Crypt:1)
  A soldier ant (D:15)
  A floating eye (Depths:4)
  A water moccasin (shapeshifter) (D:14)
  A floating eye (shapeshifter) (D:13)
  A gelid demonspawn skeleton (Crypt:1)
  50 orc warriors
  8 porcupines
  A swamp dragon zombie (Geh:7)
  3 swamp drakes
  A snapping turtle zombie (Dis:7)
  A black bear (D:9)
  3 human zombies
  7 ice beasts
  2 sky beasts
  3 slaves (D:5)
  3 spiny frog skeletons
  14 necrophages
  A blink frog zombie (Crypt:2)
  13 boggarts
  An alligator simulacrum (Hell)
  9 eyes of draining
  2 manticore zombies
  2 phantoms
  2 tengu (shapeshifter)
  A wolf (shapeshifter) (Vaults:2)
  54 ogres
  26 wolves
  An elephant skeleton (Crypt:3)
  A swamp dragon skeleton (Coc:1)
  10 centaurs
  A lindwurm skeleton (Crypt:3)
  A crocodile (shapeshifter) (Depths:5)
  12 crocodiles
  2 snapping turtle skeletons
  4 big kobolds
  An elf zombie (Tar:7)
  3 wyvern zombies
  An earth elemental (Elf:3)
  26 bullfrogs
  A glowing shapeshifter simulacrum (Vaults:2)
  An elf skeleton (Crypt:3)
  4 water moccasin zombies (Ossuary)
  A yak zombie (Crypt:2)
  5 scorpions
  29 killer bees
  A killer bee (shapeshifter) (Vaults:2)
  15 wights
  8 crimson imps
  2 bullfrog zombies
  35 orc priests
  3 quasits
  A demonspawn zombie (Crypt:2)
  11 jellies
  7 hounds
  5 iguanas
  9 iron imps
  21 orc wizards
  2 bullfrog skeletons (D:11)
  A black bear skeleton (Crypt:2)
  4 hell rats (Lair:5)
  A spriggan simulacrum (Abyss:4)
  9 worker ants
  A killer bee zombie (D:7)
  5 big kobold zombies (Ossuary)
  A tengu zombie (Geh:7)
  A hound zombie (D:8)
  2 hound skeletons
  46 mummies
  Robin (D:4)
  A worker ant zombie (D:6)
  11 adders
  3 river rats (Lair:5)
  3 shadow imps
  22 white imps
  4 ufetubi (IceCv)
  12 oozes (Lair:5)
  5 swamp drake simulacra (Swamp:4)
  An adder skeleton (D:4)
  6 adder zombies (Ossuary)
  6 worms
  6 ball lightnings (Pan)
  5 dart slugs
  5 leopard geckos
  126 orcs
  8 bats
  3 giant cockroaches
  15 goblins
  11 hobgoblins
  2 jackals (D:6)
  8 kobolds
  3 quokkas
  2 ball pythons
  A ball python skeleton (D:6)
  A dart slug zombie (Crypt:1)
  6 frilled lizards
  2 gnoll zombies (Ossuary)
  A hobgoblin skeleton (Crypt:3)
  4 hobgoblin zombies (Ossuary)
  A jackal skeleton (D:4)
  4 kobold zombies (Ossuary)
  An orc skeleton (Geh:7)
  5 orc zombies
  A quokka skeleton (D:5)
  A quokka zombie (D:8)
  10 rats
  A briar patch (Swamp:2)
  2 fungi (Lair:5)
  A lurking horror (Abyss:2)
  5 plants
  9 starspawn tentacles
  3 tentacles
3877 creatures vanquished.

Vanquished Creatures (collateral kills)
  Cerebov (Pan)
  the Royal Jelly (Slime:5)
  Gloorx Vloq (Pan)
  Mnoleg (Pan)
  3 ancient liches
  13 greater mummies
  A curse toe (Zot:2)
  4 pandemonium lords (Pan)
  4 bone dragons
  A doom hound (Tar:7)
  2 iron giants
  12 Brimstone Fiends
  An electric golem (Zot:5)
  9 Tzitzimimeh
  2 Ice Fiends (Coc:7)
  6 tentacled monstrosities
  4 Hell Sentinels (Dis:7)
  2 liches (Pan)
  3 Orb Guardians (Zot:5)
  3 quicksilver dragons
  7 Executioners (Pan)
  3 acid blobs
  2 shadow dragons
  3 eldritch tentacles
  4 sphinxes (Tomb:1)
  3 tentacled starspawn
  3 ancient champions
  5 storm dragons
  3 draconian monks
  5 fire giants
  6 azure jellies
  A revenant (Tomb:2)
  5 frost giants
  9 iron dragons
  23 balrugs
  A draconian scorcher (Zot:3)
  2 warmongers (Pan)
  12 cacodemons
  A draconian annihilator (Pan)
  2 very ugly things (Abyss:4)
  5 war gargoyles (Dis:7)
  29 reapers
  6 bennus
  3 vampire knights
  A green draconian (Depths:5)
  3 lorocyprocas (Pan)
  2 white draconians
  4 purple draconians
  2 black suns (Pan)
  2 black draconians
  2 deep elf annihilators (Pan)
  3 yellow draconians
  2 red draconians
  A spark wasp (Depths:5)
  16 blizzard demons
  2 eidola (Tar:7)
  7 death oozes
  5 green deaths
  11 mummy priests
  3 yaktaur captains (Depths:5)
  2 quicksilver dragon zombies
  2 fire dragons (Depths:5)
  2 kraken zombies
  2 great orbs of eyes
  9 ice dragons
  4 monstrous demonspawn (Pan)
  3 rakshasas (Pan)
  3 quicksilver dragon skeletons
  2 two-headed ogres (Depths:4)
  21 hell hogs
  3 titan zombies
  80 death scarabs
  2 deep troll earth magi (Depths:5)
  A vampire mage (Tar:7)
  6 storm dragon zombies
  25 hell knights
  An iron troll (Depths:4)
  17 soul eaters
  30 sun demons
  33 skeletal warriors
  4 shadow wraiths (Tar:7)
  An iron golem (Geh:7)
  2 titan skeletons
  A torturous demonspawn (Pan)
  13 sixfirhies
  A wretched star (Abyss:4)
  A death drake (Tar:7)
  A storm dragon skeleton (Coc:4)
  A golden dragon zombie (Geh:7)
  3 ghost moth zombies
  4 anaconda zombies
  A gelid demonspawn (Pan)
  3 flayed ghosts
  4 glowing orange brains
  2 starcursed masses (Abyss:4)
  An infernal demonspawn (Pan)
  2 wizards (Pan)
  7 shadow demons
  3 deep trolls (Depths:5)
  2 anaconda skeletons
  3 golden dragon skeletons
  3 wolf spider zombies
  6 phantasmal warriors
  3 shadow dragon zombies
  4 frost giant zombies
  6 fire giant zombies
  2 necromancers
  An ugly thing (Abyss:4)
  4 shadow dragon skeletons
  2 iron dragon zombies
  A worldbinder (Abyss:4)
  3 shining eyes (Pan)
  3 stone giant skeletons
  4 stone giant zombies
  6 moths of wrath
  2 salamanders (Geh:7)
  2 iron dragon skeletons
  A fire giant skeleton (Coc:1)
  10 rust devils
  21 orange demons (Pan)
  8 frost giant skeletons
  6 molten gargoyles (Geh:7)
  An apocalypse crab (Abyss:4)
  5 eyes of devastation
  3 dire elephant zombies
  25 large abominations
  19 smoke demons
  5 dire elephant skeletons
  11 hellions
  A catoblepas zombie (Dis:7)
  12 tormentors
  8 efreet
  7 freezing wraiths
  2 yaktaurs (Depths:5)
  A harpy zombie (Dis:6)
  30 guardian mummies
  16 ice devils
  2 catoblepas skeletons
  14 hellwings (Pan)
  20 red devils
  5 hydra zombies
  A purple draconian skeleton (Coc:4)
  2 ancient zymes (Abyss:4)
  A silent spectre (Abyss:3)
  4 raiju (Abyss:3)
  7 ice dragon zombies
  A harpy skeleton (Coc:1)
  18 slime creatures
  2 bog bodies (Coc:7)
  3 hydra skeletons
  6 fire dragon zombies
  4 ettin zombies
  2 alligator skeletons
  3 alligator zombies (Coc:3)
  74 flying skulls
  6 shadows
  8 ynoxinuls (Pan)
  3 ushabtiu
  19 wraiths
  6 ettin skeletons
  4 fire dragon skeletons
  4 water elementals
  11 fire elementals
  4 ice dragon skeletons
  7 golden eyes
  A black mamba skeleton (Pan)
  12 neqoxecs
  5 chaos spawn (Pan)
  4 small abominations (Abyss:4)
  2 spiny frog zombies
  18 hell hounds
  3 floating eyes (Pan)
  A spiny frog skeleton (Coc:3)
  8 necrophages
  6 eyes of draining
  An ice beast (Coc:1)
  4 snapping turtle zombies
  An ogre (Depths:4)
  A black mamba simulacrum (Coc:7)
  2 phantoms
  2 snapping turtle skeletons
  3 manticore skeletons
  A spiny frog simulacrum (Coc:3)
  A killer bee (D:10)
  28 wights
  A troll skeleton (Tar:7)
  2 crimson imps
  A human zombie (Dis:2)
  A centaur zombie (Geh:7)
  9 iron imps
  2 human skeletons
  A naga zombie (Tar:1)
  An ogre skeleton (Coc:3)
  23 mummies
  5 shadow imps
  6 white imps
  2 orc zombies
  3 tentacles
1237 creatures vanquished.

Vanquished Creatures (others)
  3 eldritch tentacles
  A blizzard demon (Pan)
  A quicksilver dragon zombie (Abyss:3)
  A merfolk impaler (Depths:2)
  An ice dragon (Coc:7)
  37 dancing weapons
  A death scarab (Tomb:3)
  A shadow wraith (D:14)
  An ironbrand convoker (Vaults:1)
  A centaur zombie (D:15)
  A yaktaur (Vaults:1)
  A tormentor (Pan)
  A hornet (Vaults:5)
  A fire dragon zombie (Geh:7)
  A flying skull (Geh:7)
  2 fire bats (Abyss:4)
  3 chaos spawn
  2 humans (Snake:2)
  2 swamp worms (Swamp:4)
  A spiny frog zombie (Geh:7)
  An ogre (Depths:1)
  2 small abominations (Abyss:3)
  4 white imps
  3 ufetubi (IceCv)
  2 ball lightnings (Pan)
  A giant cockroach zombie (D:5)
  7 bushes (Abyss:3)
  8 demonic plants (Abyss:3)
  36 fire vortices
  36 fungi
  A lurking horror (Abyss:3)
  58 plants
  19 starspawn tentacles
  11 tentacles
252 creatures vanquished.

Grand Total: 5366 creatures vanquished

Notes
Turn   | Place    | Note
-------+----------+-------------------------------------------
     0 | D:1      | Hasart the Vampire Earth Elementalist began the quest for
                  | the Orb.
     0 | D:1      | Reached XP level 1. HP: 13/13 MP: 3/3
   119 | D:1      | Reached XP level 2. HP: 11/19 MP: 5/5
   564 | D:1      | Reached XP level 3. HP: 2/24 MP: 3/6
  1133 | D:2      | Found a shimmering blue altar of Sif Muna.
  1799 | D:3      | Reached XP level 4. HP: 25/30 MP: 3/7
  1919 | D:3      | Learned a level 3 spell: Stone Arrow
  1931 | D:3      | Found a blossoming altar of Fedhas.
  2094 | D:3      | Found a basalt altar of Yredelemnul.
  2327 | D:4      | Noticed an ogre
  2332 | D:4      | Killed an ogre
  2332 | D:4      | Reached XP level 5. HP: 35/35 MP: 4/9
  2420 | D:4      | Reached skill level 5 in Earth Magic
  2505 | D:4      | Reached XP level 6. HP: 41/41 MP: 10/10
  2524 | D:4      | Found a staircase to the Ecumenical Temple.
  2536 | Temple   | Entered the Ecumenical Temple
  2884 | D:4      | Found a snail-covered altar of Cheibriados.
  3163 | D:4      | Noticed Robin
  3183 | D:4      | Reached skill level 1 in Conjurations
  3255 | D:4      | Killed Robin
  3345 | D:4      | Noticed Menkaure
  3351 | D:4      | Killed Menkaure
  3351 | D:4      | Reached skill level 1 in Evocations
  3351 | D:4      | Reached XP level 7. HP: 12/46 MP: 8/12
  3485 | D:4      | Learned a level 5 spell: Lee's Rapid Deconstruction
  3489 | D:4      | Learned a level 3 spell: Mephitic Cloud
  3551 | D:4      | Noticed Sigmund
  3556 | D:4      | Killed Sigmund
  3619 | D:4      | Noticed Edmund
  3624 | D:4      | Killed Edmund
  3624 | D:4      | Reached skill level 1 in Air Magic
  3703 | D:4      | Reached skill level 1 in Poison Magic
  3922 | D:5      | Entered Level 5 of the Dungeon
  3922 | D:5      | Found a shattered altar of Ashenzari.
  3922 | D:5      | Noticed Pikel
  3997 | D:5      | Found a sand-covered staircase.
  4007 | Ossuary  | Entered an ossuary
  4327 | Ossuary  | Reached XP level 8. HP: 24/52 MP: 11/14
  4420 | Ossuary  | Reached skill level 5 in Dodging
  4846 | D:5      | Found a glowing silver altar of Zin.
  4847 | D:5      | Found an iron altar of Okawaru.
  5050 | D:5      | Found Rolouxil's Jewellery Shop.
  5078 | D:5      | Killed Pikel
  5078 | D:5      | Reached XP level 9. HP: 24/57 MP: 6/16
  6326 | D:6      | Reached skill level 5 in Spellcasting
  6362 | D:6      | Found a sparkling altar of Nemelex Xobeh.
  6591 | D:6      | Noticed a moth of wrath
  6594 | D:6      | Found a bloodstained altar of Trog.
  6632 | D:6      | Got a fine short sword
  6633 | D:6      | Identified the cursed +1 short sword of Execution {pain,
                  | rElec} (You found it on level 6 of the Dungeon)
  6969 | D:7      | Found Sinwoy's Antique Armour Emporium.
  7038 | D:7      | Found Siulil's Weapon Emporium.
  7212 | D:7      | Found Roiluleif's Food Emporium.
  7469 | D:8      | Learned a level 3 spell: Regeneration
  7810 | D:8      | Got a pitted longbow
  7811 | D:8      | Identified the +6 longbow of Gerelez {venom, rC+ SInv} (You
                  | found it on level 8 of the Dungeon)
  7947 | D:8      | Found a white marble altar of Elyvilon.
  8145 | D:8      | Found an opulent altar of Gozag.
  8150 | D:8      | Became a worshipper of Gozag Ym Sagoz the Greedy
  8385 | D:8      | Reached skill level 1 in Necromancy
  8803 | D:9      | Noticed a queen bee
  8808 | D:9      | Noticed a two-headed ogre
  8936 | D:9      | Reached skill level 5 in Conjurations
  8996 | D:8      | Killed a two-headed ogre
  8996 | D:8      | Reached XP level 10. HP: 31/63 MP: 5/18
  9591 | D:9      | Noticed a two-headed ogre
  9602 | D:9      | Killed a two-headed ogre
  9972 | D:10     | Entered Level 10 of the Dungeon
 10162 | D:10     | Reached skill level 5 in Evocations
 10567 | D:10     | Paralysed by a hornet for 3 turns
 10815 | D:10     | Noticed an unseen horror
 10815 | D:10     | Noticed a deep elf mage
 10823 | D:10     | Killed a deep elf mage
 10833 | D:10     | Killed an unseen horror
 10833 | D:10     | Reached XP level 11. HP: 59/68 MP: 4/21
 10838 | D:10     | Identified the ring "Dyx Ote" {*Contam rC+ Int+3 Dex+8}
 11431 | D:11     | Noticed Nergalle
 11432 | D:11     | Reached skill level 5 in Necromancy
 11768 | D:11     | Killed Nergalle
 12010 | D:11     | Noticed Grum
 12612 | D:11     | Found a staircase to the Lair.
 12758 | D:11     | Killed Grum
 13127 | D:12     | Found a staircase to the Orcish Mines.
 13204 | Orc:1    | Entered Level 1 of the Orcish Mines
 13204 | Orc:1    | Noticed Erolcha
 13213 | Orc:1    | Killed Erolcha
 13577 | Orc:1    | Noticed an orc knight
 13631 | D:12     | Noticed a six-headed hydra
 13639 | D:12     | Killed a five-headed hydra
 13646 | D:12     | Killed an orc knight
 13863 | D:12     | Reached XP level 12. HP: 74/74 MP: 23/23
 13884 | D:12     | Noticed a two-headed ogre
 13888 | D:12     | Noticed Maurice
 13891 | D:12     | Killed a two-headed ogre
 14002 | D:12     | Killed Maurice
 14201 | D:12     | Got a pitted tin ring
 14202 | D:12     | Identified the ring "Meladuy" {rF+ rC+ rN+ Str-3 Int+2}
                  | (You found it on level 12 of the Dungeon)
 14550 | D:12     | Found an opulent altar of Gozag.
 14630 | D:12     | Noticed Urug
 15049 | D:12     | Reached skill level 1 in Fighting
 15421 | D:12     | Killed Urug
 15731 | Orc:1    | Reached skill level 10 in Earth Magic
 15938 | Orc:1    | Found Zammuffo's Jewellery Shoppe.
 16088 | Orc:1    | Noticed a two-headed ogre
 16092 | Orc:1    | Killed a two-headed ogre
 16275 | Orc:2    | Entered Level 2 of the Orcish Mines
 16275 | Orc:2    | Noticed Rupert
 17858 | Orc:2    | Found a staircase to the Elven Halls.
 17981 | Orc:2    | Found a roughly hewn altar of Beogh.
 18511 | Orc:2    | Found Carchuhot's General Store.
 18516 | Orc:2    | Found Yteov's Food Shop.
 18981 | Orc:2    | Bought 2 scrolls of teleportation for 108 gold pieces
 19139 | Orc:2    | Noticed an orc high priest
 19155 | Orc:2    | Killed an orc high priest
 19367 | Orc:1    | Learned a level 2 spell: Swiftness
 19971 | Orc:2    | Noticed an orc high priest
 19974 | Orc:2    | Killed an orc high priest
 19974 | Orc:2    | Reached XP level 13. HP: 78/88 MP: 9/26
 20232 | Orc:2    | HP: 4/88 [orc knight/+3 great mace (28)]
 21335 | Orc:2    | Found Erexesec's Book Emporium.
 21335 | Orc:2    | Found a one-way gate leading to the halls of Pandemonium.
 21335 | Orc:2    | Found Igeib's Antique Weapon Shoppe.
 21340 | Orc:2    | Bought a book of Power for 540 gold pieces
 21370 | Orc:2    | Learned a level 2 spell: Blink
 21377 | Orc:2    | Learned a level 6 spell: Iron Shot
 21452 | Elf:1    | Entered Level 1 of the Elven Halls
 21772 | Orc:1    | Learned a level 2 spell: Passwall
 21841 | Orc:1    | Killed Rupert
 21841 | Orc:1    | Reached skill level 5 in Fighting
 22006 | Lair:1   | Entered Level 1 of the Lair of Beasts
 22206 | Lair:1   | Found a gate leading to a gauntlet.
 22216 | Gauntlet | Entered a Gauntlet
 22216 | Gauntlet | Found a transporter.
 22216 | Gauntlet | Found a transporter.
 22216 | Gauntlet | Found a transporter.
 22329 | Gauntlet | Found a transporter.
 22330 | Gauntlet | Found a transporter.
 22333 | Gauntlet | Found a transporter.
 22348 | Gauntlet | Found a transporter.
 22349 | Gauntlet | Found a transporter.
 22351 | Gauntlet | Found a transporter.
 22352 | Gauntlet | Found a transporter.
 22355 | Gauntlet | Noticed a dire elephant
 22363 | Gauntlet | Found a transporter.
 22364 | Gauntlet | Found a transporter.
 22919 | Gauntlet | Reached skill level 10 in Spellcasting
 23068 | Gauntlet | Got a translucent jade ring
 23070 | Gauntlet | Identified the ring of Curiosity {rC+ Stlth+} (You found it
                  | in a Gauntlet)
 23086 | Gauntlet | Noticed a minotaur
 23106 | Gauntlet | Killed a minotaur
 23260 | Gauntlet | Identified the Compendium of Dislocated Lightness
 23527 | Lair:1   | Bought a slimy short sword for 272 gold pieces
 23527 | Lair:1   | Identified the cursed +0 short sword of Change {vamp,
                  | Int+5} (You bought it in a shop on level 1 of the Lair of
                  | Beasts)
 23603 | Lair:1   | Reached skill level 10 in Conjurations
 24498 | Lair:2   | Reached XP level 14. HP: 98/98 MP: 21/28
 24872 | Lair:2   | Found a staircase to the Snake Pit.
 26966 | Lair:3   | Found a staircase to the Swamp.
 27231 | Lair:4   | Found a runed translucent gate.
 27231 | Lair:4   | Found a runed translucent gate.
 27231 | Lair:4   | Noticed Zaegoraum's ghost (journeyman DsAK)
 27233 | Lair:4   | Found a runed translucent gate.
 29857 | Lair:5   | Found a viscous altar of Jiyva.
 29857 | Lair:5   | Found a staircase to the Slime Pits.
 31896 | Lair:6   | Entered Level 6 of the Lair of Beasts
 32057 | Lair:6   | Noticed Sonja
 32170 | Lair:6   | Cast into level 1 of the Abyss (Sonja)
 32170 | Abyss:1  | Found a corrupted altar of Lugonu.
 32181 | Lair:6   | Escaped the Abyss
 32184 | Lair:6   | Killed Sonja
 33963 | Lair:6   | Reached XP level 15. HP: 103/103 MP: 15/30
 34072 | Lair:6   | Reached skill level 15 in Earth Magic
 36401 | Lair:1   | Bought a faintly glowing leather armour for 168 gold pieces
 36401 | Lair:1   | Identified the cursed +1 leather armour of the Hart {*Drain
                  | +Fly Regen+} (You bought it in a shop on level 1 of the
                  | Lair of Beasts)
 36558 | D:13     | Noticed Jorgrun
 36567 | D:13     | Killed Jorgrun
 37875 | D:14     | Found Wyssir's Antique Armour Boutique.
 38308 | D:14     | Found Coudykk's Jewellery Emporium.
 38371 | D:14     | Found a gate to the Vaults.
 39302 | D:14     | Found Coom's Gadget Shoppe.
 39897 | D:14     | Found Lyezez's Book Boutique.
 40006 | D:14     | Found Wiasaz Upin's Armour Shoppe.
 40010 | D:14     | Bought the +1 cloak of Gumul {rElec rPois rC++ Str-3} for
                  | 389 gold pieces
 40134 | D:15     | Entered Level 15 of the Dungeon
 41121 | D:15     | Reached XP level 16. HP: 109/109 MP: 2/32
 41448 | D:15     | Found a staircase to the Depths.
 42993 | Swamp:1  | Entered Level 1 of the Swamp
 42996 | Swamp:1  | Reached skill level 1 in Shields
 43395 | Lair:1   | Bought a book of the Earth for 910 gold pieces
 43405 | Lair:1   | Learned a level 9 spell: Shatter
 44695 | Elf:1    | Reached skill level 1 in Armour
 45321 | Elf:1    | Found Ampam's Armour Shop.
 45605 | Elf:1    | Found Ibbor's Antique Armour Boutique.
 45763 | Elf:1    | Bought a ripped robe for 136 gold pieces
 45763 | Elf:1    | Bought a slimy robe for 136 gold pieces
 45763 | Elf:1    | Identified 2 scrolls of acquirement
 45765 | Elf:1    | Got a shimmering cloak
 45806 | Elf:1    | Identified the +1 robe "Atsumig" {+Blink rPois rN+} (You
                  | bought it in a shop on level 1 of the Elven Halls)
 45807 | Elf:1    | Identified the cursed +0 robe of Decompression {-Tele
                  | *Corrode rElec Int+6} (You bought it in a shop on level 1
                  | of the Elven Halls)
 45808 | Elf:1    | Identified the +1 cloak "Maelum" {*Corrode rPois Int+3}
                  | (You acquired it on level 1 of the Elven Halls)
 46267 | Elf:1    | Identified the ring of the Hero {*Tele rC++}
 46379 | Elf:1    | Identified the Reference Book on Slavery
 46440 | Elf:1    | Found Haecrucaa's Antique Weapon Emporium.
 46536 | Elf:1    | Bought a transparent war axe for 229 gold pieces
 46536 | Elf:1    | Identified the cursed +1 war axe of the Magi {elec, rN+
                  | Int+6 Dex+3} (You bought it in a shop on level 1 of the
                  | Elven Halls)
 46554 | Elf:1    | Found Zatu Goo's Weapon Emporium.
 46870 | Elf:1    | Found Nuitaylega's Weapon Emporium.
 47748 | Elf:2    | Found Hyceedea's Gadget Shoppe.
 47851 | Elf:2    | Found a huge runed translucent gate.
 47851 | Elf:2    | Found a huge runed translucent gate.
 47902 | Elf:2    | Found a huge runed translucent gate.
 47903 | Elf:2    | Found a huge runed translucent gate.
 47906 | Elf:2    | Found a huge runed translucent gate.
 48495 | Elf:2    | Reached XP level 17. HP: 115/115 MP: 27/34
 48838 | Elf:2    | Noticed a deep elf blademaster
 48841 | Elf:2    | Killed a deep elf blademaster
 48938 | Elf:2    | Reached skill level 5 in Shields
 49447 | Elf:2    | Noticed Asterion
 49737 | Elf:2    | Killed Asterion
 50184 | Elf:3    | Entered Level 3 of the Elven Halls
 50288 | Elf:3    | Noticed a deep elf blademaster
 50292 | Elf:3    | Noticed a deep elf master archer
 50296 | Elf:3    | Killed a deep elf blademaster
 50402 | Elf:3    | Killed a deep elf master archer
 50656 | Elf:3    | Noticed a deep elf master archer
 50660 | Elf:3    | Killed a deep elf master archer
 50771 | Elf:3    | Identified the cursed ring "Peff" {MR++ AC-3}
 51308 | D:5      | Bought the amulet "Luafa" {RegenMP Str+2 Dex+4} for 644
                  | gold pieces
 51694 | Elf:3    | Noticed a deep elf blademaster
 51699 | Elf:3    | Killed a deep elf blademaster
 52253 | Elf:3    | Identified the ring of Gearytas {Fire -Tele Str+4 Stlth+}
 52536 | Elf:3    | Identified the +5 great mace of Noiguidehu {venom, +Blink
                  | rN+ Str-5 Int+4}
 52537 | Elf:3    | Reached XP level 18. HP: 121/121 MP: 30/36
 52732 | Elf:3    | Found the +2 cloak of the Thief {+Fog Slay-2 SInv Stlth+}
 52742 | Elf:3    | Identified the Tome of Frigorific Calling
 52757 | Elf:3    | Identified the Handbook of the Fiery Oath
 52844 | Elf:3    | Identified the Reference Book on Freezing Confrontation
 52882 | Elf:3    | Identified the Reference Book on Unholy Feathers
 53112 | Elf:3    | Learned a level 5 spell: Borgnjor's Vile Clutch
 53336 | Snake:1  | Entered Level 1 of the Snake Pit
 53687 | Snake:1  | Found Noshiotu's Gadget Shoppe.
 53687 | Snake:1  | Found Heleatw Icou's Antique Weapon Emporium.
 53759 | Snake:1  | Learned a level 2 spell: Sublimation of Blood
 54431 | Snake:2  | Noticed Kirke
 54463 | Snake:2  | Found Mopriczym's Gadget Boutique.
 54468 | Snake:2  | Killed Kirke
 54519 | Snake:2  | Noticed Agnes
 54528 | Snake:2  | Killed Agnes
 54670 | Snake:2  | Bought a wand of digging (7) for 308 gold pieces
 54703 | Snake:2  | Got a scorched helmet
 54704 | Snake:2  | Identified the +1 helmet "Rauphixa" {rN+ Str+4 Dex+4 SInv}
                  | (You acquired it on level 2 of the Snake Pit)
 54848 | Snake:2  | Noticed Aizul
 54857 | Snake:2  | Killed Aizul
 55377 | Snake:2  | Got a thick robe
 55378 | Snake:2  | Identified the +1 robe of the Beginning {rPois rF+ rC+}
                  | (You found it on level 2 of the Snake Pit)
 55824 | Snake:3  | Found an ornate altar of the Wu Jian Council.
 56778 | Snake:4  | Entered Level 4 of the Snake Pit
 58419 | Snake:4  | Reached skill level 15 in Spellcasting
 59424 | Snake:4  | Got a serpentine rune of Zot
 59626 | Snake:4  | Reached XP level 19. HP: 127/127 MP: 26/38
 61295 | Swamp:2  | Found a runed translucent gate.
 61295 | Swamp:2  | Found a runed translucent gate.
 61295 | Swamp:2  | Found a runed translucent gate.
 61296 | Swamp:2  | Noticed RandomHijinx's ghost (adept BaEE)
 62613 | Swamp:2  | Killed RandomHijinx's ghost
 62652 | Swamp:2  | Reached skill level 5 in Stealth
 62652 | Swamp:2  | Reached skill level 10 in Shields
 62652 | Swamp:2  | Reached XP level 20. HP: 135/135 MP: 39/39
 62653 | Swamp:2  | Reached XP level 21. HP: 142/142 MP: 40/40
 62990 | Swamp:3  | Found a sacrificial altar of Ru.
 63331 | Swamp:3  | Got a pitted dagger
 63332 | Swamp:3  | Identified the +5 dagger of the Ancients {pierce, rPois MR+
                  | Dex+3} (You found it on level 3 of the Swamp)
 63815 | Swamp:4  | Entered Level 4 of the Swamp
 63935 | Swamp:4  | Found a frozen archway.
 63955 | IceCv    | Entered an ice cave
 64266 | IceCv    | Got a pair of jewelled boots
 64270 | IceCv    | Identified the +0 pair of boots of Perfidy {*Slow rN+
                  | rCorr} (You found it in an ice cave)
 64690 | IceCv    | Got a bloodstained demon blade
 64889 | IceCv    | Identified the +2 demon blade of Greed {pain, rC+} (You
                  | found it in an ice cave)
 65622 | Swamp:4  | Got a decaying rune of Zot
 66295 | Depths:1 | Entered Level 1 of the Depths
 67143 | Depths:1 | Noticed the Enchantress
 67158 | Depths:1 | Killed the Enchantress
 67263 | Depths:1 | Reached skill level 1 in Charms
 67349 | Depths:1 | Reached XP level 22. HP: 149/149 MP: 24/42
 67550 | D:15     | Bought the +1 leather armour of the Shrike {rPois Regen+
                  | Int+4 Dex+3} for 493 gold pieces
 67658 | Lair:1   | Bought a pair of embroidered boots for 180 gold pieces
 67668 | Lair:1   | Identified a +0 pair of boots of running (You bought it in
                  | a shop on level 1 of the Lair of Beasts)
 67750 | Vaults:1 | Entered Level 1 of the Vaults
 67769 | Vaults:1 | Found a portal to a secret trove of treasure.
 68126 | Vaults:1 | You paid a toll of a +6 demon trident to enter a treasure
                  | trove
 68127 | Trove    | Entered a treasure trove
 68131 | Trove    | Found the +27 Lear's hauberk
 68132 | Trove    | Found the +3 pair of gauntlets of War {Slay+5}
 68148 | Trove    | Got a pair of faintly humming gloves
 68153 | Trove    | Identified the +0 pair of gloves of Servitude {rC- rN++
                  | Dex+9 SInv} (You found it in a treasure trove)
 68158 | Trove    | Identified the +4 large shield "Pouz" {rElec rCorr Int-2}
                  | (You found it in a treasure trove)
 68160 | Trove    | Identified the +0 pair of gloves "Zyifem" {rPois} (You
                  | found it in a treasure trove)
 68162 | Trove    | Identified the +2 pair of boots of the Lost Path {Int+4
                  | Slay+2} (You found it in a treasure trove)
 68164 | Trove    | Identified the +2 pair of boots of the Evil One {rPois rN++
                  | MP+9 Str-2} (You found it in a treasure trove)
 68167 | Trove    | Identified the +1 leather armour of the Will of the Gods
                  | {rPois Regen+} (You found it in a treasure trove)
 68174 | Trove    | Identified the cursed +0 leather armour "Tolev" {Str+6}
                  | (You found it in a treasure trove)
 69388 | Vaults:1 | Noticed Nikola
 69632 | D:14     | Killed Nikola
 69818 | Vaults:1 | Reached skill level 5 in Charms
 72232 | Vaults:2 | Identified Bacuzagu's Almanac of Unstable Flames
 72281 | Vaults:2 | Reached XP level 23. HP: 154/154 MP: 20/43
 72320 | Vaults:2 | Identified the amulet of Kyor {rPois rC+ Regen+ Int+2} (You
                  | took it off a vault sentinel on level 2 of the Vaults)
 72339 | Vaults:2 | Identified the ring "Paedeuv" {AC+3 Int+4}
 72340 | Vaults:2 | Identified the ring "Iheysh" {rN+ Int-5 Dex+6}
 72857 | Vaults:2 | Identified Vamawum's Papyrus of Air
 72859 | Vaults:2 | Identified Sif Muna's Almanac of Contamination
 73271 | Vaults:3 | You fall into a shaft and drop 1 floor!
 74152 | Vaults:4 | Noticed Margery
 74156 | Vaults:4 | Killed Margery
 74335 | Vaults:4 | Found Naduebonot's Antique Weapon Emporium.
 76306 | Vaults:3 | Reached XP level 24. HP: 117/160 MP: 38/44
 76319 | Vaults:3 | Found a staircase to the Crypt.
 77126 | Vaults:5 | Entered Level 5 of the Vaults
 77369 | Vaults:5 | Identified the +6 war axe of the Coin {chop, rF+}
 77631 | Vaults:5 | Reached skill level 15 in Shields
 78027 | Vaults:5 | Identified the cursed +1 robe of the Crown {rElec rF+}
 78064 | Vaults:4 | Reached XP level 25. HP: 161/166 MP: 2/45
 78863 | Vaults:5 | Noticed Mara
 78943 | Vaults:5 | Noticed Hasart's illusion
 78944 | Vaults:5 | Killed Mara
 79254 | Vaults:5 | Got a silver rune of Zot
 79328 | Vaults:5 | Found Netept's Antique Weapon Shop.
 79330 | Vaults:5 | Found the +2 pair of boots of the Assassin {Detection Stab+
                  | Stlth++}
 79805 | Vaults:5 | Identified the +3 cloak of the Merchant {rC+} (You found it
                  | on level 5 of the Vaults)
 80083 | Lair:1   | Bought an ancient ring mail for 216 gold pieces
 80083 | Lair:1   | Bought an ancient ring mail for 216 gold pieces
 80083 | Lair:1   | Identified the +0 ring mail of Beyond {rN+ Slay+6} (You
                  | bought it in a shop on level 1 of the Lair of Beasts)
 80084 | Lair:1   | Identified the +0 ring mail "Faymega" {rElec rN+ Regen+}
                  | (You bought it in a shop on level 1 of the Lair of Beasts)
 80148 | D:14     | Bought a warped ring mail for 360 gold pieces
 80149 | D:14     | Identified the +3 ring mail of Lugonu's Delight {+Inv MR+++
                  | Int-3} (You bought it in a shop on level 14 of the Dungeon)
 80443 | D:14     | Bought a Necronomicon for 1435 gold pieces
 80443 | D:14     | Bought a book of Annihilations for 1435 gold pieces
 80496 | Lair:1   | Bought a book of Spatial Translocations for 910 gold pieces
 80496 | Lair:1   | Bought the Reference Book on Ice and Fire for 1072 gold
                  | pieces
 80572 | Orc:2    | Bought a manual of Dodging for 1324 gold pieces
 80572 | Orc:2    | Bought a manual of Necromancy for 1324 gold pieces
 80742 | Crypt:1  | Entered Level 1 of the Crypt
 82280 | Crypt:2  | Noticed Boris
 82287 | Crypt:2  | Killed Boris
 82365 | Crypt:2  | Noticed Khufu
 82375 | Crypt:2  | Killed Khufu
 82521 | Crypt:2  | Noticed a greater mummy
 82583 | Crypt:2  | Killed a greater mummy
 82690 | Crypt:2  | Identified the +7 chain mail of Absence {+Inv rPois rN+}
 83081 | Crypt:3  | Entered Level 3 of the Crypt
 83119 | Crypt:3  | Reached skill level 10 in Necromancy
 83901 | Crypt:3  | Noticed an ancient lich
 83905 | Crypt:3  | Reached skill level 10 in Dodging
 83907 | Crypt:3  | Killed an ancient lich
 84155 | Crypt:3  | Reached skill level 27 in Earth Magic
 84155 | Crypt:3  | Reached XP level 26. HP: 172/172 MP: 32/46
 84334 | Crypt:3  | Noticed Boris
 84343 | Crypt:3  | Killed Boris
 84601 | Crypt:3  | Found a staircase to the Tomb.
 84768 | Crypt:3  | Identified the cursed +1 leather armour of the Moon
                  | {*Contam MR+ rCorr SInv} (You found it on level 3 of the
                  | Crypt)
 84840 | Tomb:1   | Entered Level 1 of the Tomb of the Ancients
 85008 | Tomb:1   | Noticed Mennas
 85037 | Tomb:1   | Killed Mennas
 85037 | Tomb:1   | Reached skill level 1 in Axes
 85215 | Tomb:1   | Learned a level 8 spell: Infestation
 85299 | Tomb:1   | Paralysed by a sphinx for 7 turns
 85381 | Tomb:1   | Noticed an ancient lich
 85387 | Tomb:1   | Killed an ancient lich
 86347 | Tomb:1   | Noticed a greater mummy
 86352 | Tomb:1   | Killed a greater mummy
 86532 | Tomb:1   | Noticed a greater mummy
 86546 | Tomb:1   | Killed a greater mummy
 86819 | Tomb:1   | Noticed a greater mummy
 86821 | Tomb:1   | Killed a greater mummy
 86821 | Tomb:1   | Reached skill level 5 in Axes
 86911 | Tomb:1   | Noticed a greater mummy
 86915 | Tomb:1   | Noticed a greater mummy
 86916 | Tomb:1   | Noticed a greater mummy
 86917 | Tomb:1   | Killed a greater mummy
 86917 | Tomb:1   | Killed a greater mummy
 86918 | Tomb:1   | Noticed a greater mummy
 86922 | Tomb:1   | Noticed a greater mummy
 86923 | Tomb:1   | Noticed a greater mummy
 87287 | Depths:1 | Noticed Saint Roka
 87292 | Depths:1 | Killed Saint Roka
 87591 | Depths:1 | Found a gateway to Hell.
 87769 | Depths:1 | Found Qeocvir's Demolitions Depot.
 87785 | Depths:1 | Noticed Louise
 87805 | Depths:1 | Killed Louise
 87908 | Depths:1 | Found a one-way gate to the infinite horrors of the Abyss.
 88007 | Depths:1 | Found a glowing silver altar of Zin.
 88007 | Depths:1 | Found a glowing golden altar of the Shining One.
 88007 | Depths:1 | Found a white marble altar of Elyvilon.
 88283 | Depths:2 | Reached skill level 15 in Necromancy
 88354 | Depths:2 | Noticed Bai Suzhen
 88357 | Depths:2 | Killed Bai Suzhen
 89070 | Depths:2 | Found the +6 Majin-Bo {vamp, Archmagi MP+6 Int+6}
 89376 | Depths:3 | Reached XP level 27. HP: 176/176 MP: 35/47
 89791 | Depths:3 | Found a gateway to a ziggurat.
 89831 | Depths:3 | Found a shattered altar of Ashenzari.
 90094 | Depths:3 | Identified the +7 spear of Trog's Hope {elec, +Rage rElec
                  | rF+}
 90889 | Depths:4 | Noticed a juggernaut
 90898 | Depths:4 | Identified the ring "Buseuh" {Fire +Fly Slay+2}
 90899 | Depths:4 | Killed a juggernaut
 91182 | Depths:4 | Learned a level 9 spell: Fire Storm
 91293 | Depths:4 | Reached skill level 1 in Fire Magic
 91710 | Depths:4 | Found a runed translucent door.
 91713 | Depths:4 | Noticed Nebesus's ghost (veteran GrFi)
 92046 | Depths:4 | Noticed MendTheBones's ghost (veteran GnWz)
 92077 | Depths:4 | Killed MendTheBones's ghost
 92077 | Depths:4 | Reached skill level 10 in Fighting
 92187 | Depths:4 | Found a runed translucent door.
 92187 | Depths:4 | Noticed Deith's ghost (veteran DEFE)
 92212 | Depths:4 | Killed Deith's ghost
 92239 | Depths:4 | Found a runed translucent door.
 92493 | Depths:5 | Entered Level 5 of the Depths
 92533 | Depths:5 | Reached skill level 15 in Dodging
 92901 | Depths:5 | Reached skill level 5 in Fire Magic
 93412 | Depths:5 | Found a gate to the Realm of Zot.
 94177 | Zot:1    | Entered Level 1 of the Realm of Zot
 95647 | Zot:2    | You fall into a shaft and drop 2 floors!
 95656 | Zot:4    | Reached skill level 10 in Stealth
 95765 | Zot:4    | Identified the cursed +0 leather armour "Inekkat" {rPois
                  | Str+2 Dex+2} (You found it on level 4 of the Realm of Zot)
 96739 | Zot:4    | Noticed an orb of fire
 96740 | Zot:4    | Noticed an ancient lich
 98055 | Zot:2    | Noticed an orb of fire
 98543 | Tomb:1   | Noticed a greater mummy
 98547 | Tomb:1   | Killed a greater mummy
 98553 | Crypt:3  | Killed a greater mummy
 98643 | Tomb:1   | Killed a greater mummy
 98643 | Tomb:1   | Reached skill level 10 in Fire Magic
 98652 | Tomb:1   | Reached skill level 15 in Stealth
 98781 | Tomb:1   | Noticed a greater mummy
 98787 | Tomb:1   | Killed a greater mummy
 98788 | Tomb:1   | Noticed a greater mummy
 98868 | Tomb:1   | Killed a greater mummy
 98956 | Tomb:1   | Noticed a greater mummy
 98960 | Tomb:1   | Noticed a greater mummy
 98961 | Tomb:1   | Killed a greater mummy
 98963 | Tomb:1   | Killed a greater mummy
 99188 | Tomb:1   | Killed a greater mummy
 99331 | Tomb:1   | Killed a greater mummy
 99342 | Tomb:1   | Noticed a greater mummy
 99435 | Tomb:1   | Killed a greater mummy
 99595 | Tomb:1   | Noticed a greater mummy
 99600 | Tomb:1   | Killed a greater mummy
 99729 | Tomb:1   | Noticed a greater mummy
 99817 | Tomb:1   | Noticed a greater mummy
 99820 | Tomb:1   | Killed a greater mummy
 99822 | Tomb:1   | Killed a greater mummy
100309 | Hell     | Entered the Vestibule of Hell
100309 | Hell     | Noticed Geryon
100487 | Hell     | Killed Geryon
100768 | Hell     | Found a gateway to the ashen valley of Gehenna.
101000 | Hell     | Found a gateway to the Iron City of Dis.
101247 | Hell     | Found a gateway to the freezing wastes of Cocytus.
101391 | Hell     | Found a gateway to the decaying netherworld of Tartarus.
101744 | Slime:1  | Entered Level 1 of the Pits of Slime
101836 | Slime:1  | Gained mutation: You tend to lose your temper in combat. [a
                  | shining eye]
101855 | Lair:5   | Lost mutation: You tend to lose your temper in combat.
                  | [potion of mutation]
101855 | Lair:5   | Gained mutation: You are clumsy. (Dex -2) [potion of
                  | mutation]
101855 | Lair:5   | Gained mutation: You are occasionally teleported next to
                  | monsters. [potion of mutation]
101855 | Lair:5   | Gained mutation: You have large cloven feet. [potion of
                  | mutation]
101856 | Lair:5   | Lost mutation: You are occasionally teleported next to
                  | monsters. [potion of mutation]
101856 | Lair:5   | Lost mutation: You are clumsy. (Dex -2) [potion of
                  | mutation]
101856 | Lair:5   | Lost mutation: You have large cloven feet. [potion of
                  | mutation]
101856 | Lair:5   | Gained mutation: You occasionally shout uncontrollably at
                  | your foes. [potion of mutation]
101856 | Lair:5   | Gained mutation: Potions are less effective at restoring
                  | your health. [potion of mutation]
101856 | Lair:5   | Gained mutation: Your skin changes colour to match your
                  | surroundings (Stealth+). [potion of mutation]
101859 | Lair:5   | Lost mutation: You occasionally shout uncontrollably at
                  | your foes. [potion of mutation]
101859 | Lair:5   | Gained mutation: You have sharp fingernails. [potion of
                  | mutation]
101862 | Lair:5   | Lost mutation: Potions are less effective at restoring your
                  | health. [potion of mutation]
101862 | Lair:5   | Gained mutation: Your spells are a little harder to cast,
                  | but a little more powerful. [potion of mutation]
101862 | Lair:5   | Lost mutation: You have sharp fingernails. [potion of
                  | mutation]
101862 | Lair:5   | Gained mutation: You are agile. (Dex +2) [potion of
                  | mutation]
101862 | Lair:5   | Gained mutation: You have a pair of small antennae on your
                  | head. [potion of mutation]
101863 | Lair:5   | Lost mutation: You have a pair of small antennae on your
                  | head. [potion of mutation]
101863 | Lair:5   | Lost mutation: Your spells are a little harder to cast, but
                  | a little more powerful. [potion of mutation]
101863 | Lair:5   | Lost mutation: You are agile. (Dex +2) [potion of mutation]
101863 | Lair:5   | Gained mutation: You are resistant to hostile enchantments.
                  | (MR+) [potion of mutation]
101863 | Lair:5   | Lost mutation: You are resistant to hostile enchantments.
                  | (MR+) [potion of mutation]
101863 | Lair:5   | Gained mutation: You are agile. (Dex +2) [potion of
                  | mutation]
102124 | Depths:1 | Voluntarily entered the Abyss.
102759 | Abyss:3  | Gained mutation: You occasionally shout uncontrollably at
                  | your foes. [a neqoxec]
102790 | Depths:1 | Escaped the Abyss
102869 | Depths:1 | Voluntarily entered the Abyss.
102869 | Abyss:1  | Found a corrupted altar of Lugonu.
103568 | Depths:1 | Escaped the Abyss
103607 | Depths:1 | Voluntarily entered the Abyss.
103625 | Abyss:1  | Learned a level 8 spell: Lehudib's Crystal Spear
104524 | Abyss:4  | Got an abyssal rune of Zot
104763 | Abyss:4  | Found an iron altar of Okawaru.
104787 | Depths:1 | Escaped the Abyss
105452 | Slime:2  | You fall into a shaft and drop 2 floors!
105988 | Slime:5  | Entered Level 5 of the Pits of Slime
106448 | Slime:5  | Reached skill level 15 in Fire Magic
106684 | Slime:5  | Noticed the Royal Jelly
106689 | Slime:5  | Killed the Royal Jelly
106767 | Slime:4  | HP: 1/190 [disintegration (35)]
107475 | Slime:5  | Got a twitching ivory ring
107476 | Slime:5  | Identified the ring "Illub" {rC+ Str+3 Stlth-} (You found
                  | it on level 5 of the Pits of Slime)
107480 | Slime:5  | Identified the +9 glaive "Vibalostruf" {chop, SInv} (You
                  | found it on level 5 of the Pits of Slime)
107501 | Slime:5  | Got a slimy rune of Zot
107506 | Slime:5  | Found the ring of Shadows {Umbra +Inv Stlth+}
107554 | Slime:5  | Found the +4 dagger "Morg" {pain, MR+ Int+5}
107562 | Slime:5  | Identified the +6 broad axe "Dies" {flame, *Drain +Rage
                  | Int+7 SInv} (You found it on level 5 of the Pits of Slime)
107566 | Slime:5  | Identified the cursed +2 war axe "Qiwisirph" {freeze, *Slow
                  | +Fly rC+} (You found it on level 5 of the Pits of Slime)
107597 | Slime:5  | Identified the cursed +0 quarterstaff "Brush" {venom, rPois
                  | MR- Int+4} (You found it on level 5 of the Pits of Slime)
108321 | Zot:2    | Killed an orb of fire
108527 | Zot:5    | Entered Level 5 of the Realm of Zot
109144 | Zot:5    | Reached skill level 15 in Conjurations
109433 | Zot:5    | Noticed an ancient lich
109437 | Zot:5    | Killed an ancient lich
109441 | Zot:5    | Noticed an ancient lich
109447 | Zot:5    | Noticed an orb of fire
109451 | Zot:5    | Killed an ancient lich
109463 | Zot:5    | HP: 3/190 [orb of fire/fireball (68)]
109468 | Zot:5    | Noticed an ancient lich
109469 | Zot:5    | Noticed an ancient lich
109491 | Zot:5    | Noticed an orb of fire
109494 | Zot:4    | Found a stormy altar of Qazlal.
109506 | Zot:5    | Killed an ancient lich
109654 | Zot:4    | Gained mutation: You are dopey. (Int -2) [an orb of fire]
109656 | Zot:4    | Killed an orb of fire
110393 | Tomb:2   | Noticed a greater mummy
110393 | Tomb:2   | Noticed a greater mummy
110393 | Tomb:2   | Noticed a greater mummy
110394 | Tomb:2   | Noticed a greater mummy
110395 | Tomb:2   | Lost strength.
110397 | Tomb:2   | Killed a greater mummy
110397 | Tomb:2   | Noticed an ancient lich
110400 | Tomb:2   | Killed a greater mummy
110413 | Tomb:2   | Killed a greater mummy
110420 | Tomb:2   | Killed an ancient lich
110422 | Tomb:2   | Killed a greater mummy
111223 | Tomb:3   | Entered Level 3 of the Tomb of the Ancients
111246 | Tomb:3   | Noticed a greater mummy
111249 | Tomb:3   | Noticed a greater mummy
111250 | Tomb:3   | Killed a greater mummy
111258 | Tomb:3   | Killed a greater mummy
111260 | Tomb:3   | Noticed a greater mummy
111261 | Tomb:3   | Noticed a greater mummy
111265 | Tomb:3   | Killed a greater mummy
111266 | Tomb:3   | Killed a greater mummy
111275 | Tomb:3   | Noticed a greater mummy
111282 | Tomb:3   | Killed a greater mummy
111285 | Tomb:3   | Noticed a greater mummy
111286 | Tomb:3   | Noticed a greater mummy
111297 | Tomb:3   | Noticed a greater mummy
111301 | Tomb:3   | Noticed a greater mummy
111304 | Tomb:3   | Killed a greater mummy
111306 | Tomb:3   | Killed a greater mummy
111310 | Tomb:3   | Killed a greater mummy
111312 | Tomb:3   | Killed a greater mummy
111355 | Tomb:3   | Got a golden rune of Zot
111653 | Tomb:3   | Identified the Incunabulum of Flying Transmigration
111875 | Tomb:3   | Found the +9 staff of Olgreb {rPois}
111882 | Tomb:3   | Got a slimy marble ring
111883 | Tomb:3   | Identified the ring "Laxych" {*Tele rPois Int+5 Dex+2} (You
                  | found it on level 3 of the Tomb of the Ancients)
111885 | Tomb:3   | Identified the Incunabulum of Spatial Confrontation
111907 | Tomb:3   | Identified Sif Muna's Almanac of Displaced Unholy Rituals
111915 | Tomb:3   | Identified the +2 whip "Rodos" {flame, rF+ rC+ Stlth+} (You
                  | found it on level 3 of the Tomb of the Ancients)
111952 | Tomb:3   | Identified Teatoo's Papyrus of Hurtful Envenoming
112504 | Pan      | Entered Pandemonium
112678 | Pan      | Noticed Jikhon the pandemonium lord
112695 | Pan      | Killed Jikhon the pandemonium lord
113496 | Pan      | Found an exit through the horrors of the Abyss.
113611 | Pan      | Got a demonic rune of Zot
113945 | Pan      | Found a runed translucent door.
114048 | Pan      | Identified the ring of Royalty {*Drain MR+ Dex+6} (You
                  | found it in Pandemonium)
114611 | Pan      | Noticed Wovi Tom the pandemonium lord
114731 | Pan      | Killed Wovi Tom the pandemonium lord
114940 | Pan      | Found an exit through the horrors of the Abyss.
115324 | Pan      | Noticed Tomuaff the pandemonium lord
115334 | Pan      | Killed Tomuaff the pandemonium lord
116072 | Pan      | Identified the amulet of Hicwotzi {Acrobat +Fly rF++ rN+}
116184 | Pan      | Noticed Lalousus the pandemonium lord
116191 | Pan      | Killed Lalousus the pandemonium lord
116371 | Pan      | Entered the realm of Lom Lobon.
116392 | Pan      | Found an exit through the horrors of the Abyss.
116527 | Pan      | Identified the +8 spear "Arcanum" {speed, rElec rN+ Int+9}
                  | (You found it in Pandemonium)
116903 | Pan      | Noticed Lom Lobon
116933 | Pan      | Killed Lom Lobon
118089 | Pan      | Got a magical rune of Zot
118357 | Pan      | Entered the realm of Cerebov.
118366 | Pan      | Learned a level 7 spell: Ring of Flames
118928 | Pan      | Identified the +6 sword of Cerebov {flame}
118928 | Pan      | Noticed Cerebov
118945 | Pan      | Killed Cerebov
119070 | Pan      | Got a fiery rune of Zot
119100 | Pan      | Identified the +1 robe of the Old World {rElec Regen+ rCorr
                  | Str-5} (You found it in Pandemonium)
119154 | Pan      | Got a bound bronze ring
119155 | Pan      | Identified the ring of Weafizif {rN+ Int+4} (You found it
                  | in Pandemonium)
119172 | Pan      | Identified the +5 whip "Iblugu" {flame, rF+ Str+4} (You
                  | found it in Pandemonium)
119269 | Pan      | Identified the Handbook of Summoning
119273 | Pan      | Identified the +8 war axe of Twilight {venom, *Drain rC+
                  | Str+4 SInv} (You found it in Pandemonium)
120662 | Pan      | Identified the Papyrus of Transformation and Displacement
120772 | Pan      | Entered the realm of Gloorx Vloq.
120832 | Pan      | Found an exit through the horrors of the Abyss.
121214 | Pan      | Noticed Gloorx Vloq
121228 | Pan      | Killed Gloorx Vloq
122345 | Pan      | Got a dark rune of Zot
122607 | Pan      | Gained mutation: Your spells are a little easier to cast,
                  | but a little less powerful. [a cacodemon]
122991 | Pan      | Noticed Fuuneime the pandemonium lord
123002 | Pan      | Killed Fuuneime the pandemonium lord
123044 | Pan      | Identified the +3 mace "Beastslayer" {freeze, rF- MR+++
                  | Str+5 Dex-2} (You found it in Pandemonium)
123139 | Pan      | Noticed Vidghitzi the pandemonium lord
123273 | Pan      | Killed Vidghitzi the pandemonium lord
123406 | Pan      | Gained mutation: Your flesh is cold resistant. (rC+) [a
                  | cacodemon]
123508 | Pan      | Gained mutation: Your body sometimes deteriorates upon
                  | taking damage. [a cacodemon]
123647 | Pan      | Found a runed translucent door.
123950 | Pan      | Entered the realm of Mnoleg.
123962 | Pan      | Paralysed by a floating eye for 2 turns
123967 | Pan      | Gained mutation: You are frail. (-10% HP) [a neqoxec]
124001 | Pan      | Found an exit through the horrors of the Abyss.
124263 | Pan      | Noticed Mnoleg
124271 | Pan      | Paralysed by a floating eye for 3 turns
124275 | Pan      | Killed Mnoleg
124372 | Pan      | Got a glowing rune of Zot
124947 | Pan      | Lost mutation: You are agile. (Dex +2) [a cacodemon]
125403 | Pan      | Gained mutation: Your magical capacity is low. (-10% MP) [a
                  | neqoxec]
125616 | Pan      | Found the +0 Maxwell's etheric cage {RegenMP+ *Contam rElec
                  | MP+4}
125687 | Pan      | Took an exit into the Abyss.
125687 | Abyss:1  | Escaped into the Abyss
125709 | Depths:2 | Escaped the Abyss
125766 | Geh:1    | Entered Level 1 of Gehenna
126303 | Geh:7    | Entered Level 7 of Gehenna
126730 | Geh:7    | Got a bloodstained hat
126731 | Geh:7    | Identified the +0 hat "Gurat" {rF+} (You acquired it on
                  | level 7 of Gehenna)
127294 | Geh:7    | Identified the +7 sceptre of Asmodeus
127294 | Geh:7    | Noticed Asmodeus
127307 | Geh:7    | Killed Asmodeus
127345 | Geh:7    | Got an obsidian rune of Zot
127587 | Dis:1    | Entered Level 1 of the Iron City of Dis
128384 | Dis:5    | You fall into a shaft and drop 1 floor!
128419 | Dis:7    | Entered Level 7 of the Iron City of Dis
128729 | Dis:7    | Identified the +1 leather armour "Xietzuon" {MR+ Str-5
                  | Int+3} (You found it on level 7 of the Iron City of Dis)
128797 | Dis:7    | Noticed the Serpent of Hell
129213 | Dis:7    | Killed the Serpent of Hell
129575 | Dis:7    | Identified the +4 staff of Dispater
129575 | Dis:7    | Noticed Dispater
129589 | Dis:7    | Killed Dispater
129667 | Dis:7    | Got an iron rune of Zot
129805 | Tar:1    | Entered Level 1 of Tartarus
130568 | Tar:7    | Entered Level 7 of Tartarus
130959 | Tar:7    | Noticed Ereshkigal
131039 | Tar:7    | Killed Ereshkigal
131078 | Tar:7    | Got a bone rune of Zot
131269 | Coc:1    | Entered Level 1 of Cocytus
132155 | Coc:5    | Gained mutation: You are very frail. (-20% HP) [mutagenic
                  | glow]
132175 | Coc:7    | Entered Level 7 of Cocytus
132434 | Coc:7    | Noticed Antaeus
132470 | Coc:7    | Killed Antaeus
132552 | Coc:7    | Got an icy rune of Zot
132555 | Coc:7    | Identified the Papyrus of Noxious Companions
132951 | Zot:5    | Gained mutation: You are weak. (Str -2) [an orb of fire]
133126 | Zot:5    | Gained mutation: You are very dopey. (Int -4) [an orb of
                  | fire]
133131 | Zot:5    | Killed an orb of fire
133131 | Zot:5    | Reached skill level 27 in Spellcasting
133246 | Zot:5    | Noticed an ancient lich
133250 | Zot:5    | Killed an ancient lich
133307 | Zot:5    | Noticed an ancient lich
133312 | Zot:5    | Killed an ancient lich
133374 | Zot:5    | Noticed an ancient lich
133378 | Zot:5    | Killed an ancient lich
133422 | Zot:5    | Gained mutation: You are extremely frail. (-30% HP) [an orb
                  | of fire]
133439 | Zot:5    | Killed an orb of fire
133731 | Zot:5    | Killed an ancient lich
133772 | Zot:5    | Lost mutation: Your magical capacity is low. (-10% MP)
                  | [potion of mutation]
133772 | Zot:5    | Lost mutation: Your body sometimes deteriorates upon taking
                  | damage. [potion of mutation]
133772 | Zot:5    | Lost mutation: You are extremely frail. (-30% HP) [potion
                  | of mutation]
133772 | Zot:5    | Lost mutation: You are weak. (Str -2) [potion of mutation]
133772 | Zot:5    | Lost mutation: You are very frail. (-20% HP) [potion of
                  | mutation]
133867 | Zot:5    | Noticed an ancient lich
133871 | Zot:5    | Killed an ancient lich
133908 | Zot:5    | Killed an ancient lich
134067 | Zot:5    | Got the Orb of Zot
134103 | Zot:5    | Noticed Yciolac the pandemonium lord
134237 | Zot:2    | Noticed Iwkemem the pandemonium lord
134330 | Depths:3 | Noticed Zuiddaru the pandemonium lord
134695 | D:$      | Escaped with the Orb!

Levels and vault maps discovered:
D:1:      minmay_arrival_four_circles, layout_basic, kennysheep_another_room
D:2:      layout_basic, lemuel_blue_sif_altar
D:3:      layout_basic, overflow_temple_1_default,
          nicolae_overflow_crystal_walls, uniq_natasha
D:4:      layout_layer_cave, kennysheep_slug_shrine,
          minmay_temple_entry_mini_moons, hangedman_decor_opposing,
          sigmund_edmund_badplayer, uniq_robin, uniq_menkaure
D:5:      layout_basic, nicolae_overflow_hidden_temple, ashenzari_altar_1,
          first_ration, serial_shops, shop, serial_corexii_hall,
          corexii_hall_statues_x, corexii_hall_statues_x,
          gup_ossuary_entry_pyramid, portal_sewer_entry_a, uniq_pikel
D:6:      layout_layer_cave, tgw_trog, lemuel_doored_altar
D:7:      layout_basic, serial_shops, nicolae_shop_statue_plus, shop,
          nicolae_shop_behind_doors
D:8:      layout_basic, marbit_many_paths, elyvilon_altar_5
D:9:      layout_basic, david_nohive_1
D:10:     minmay_the_grid_octo_triangle [minmay_the_grid_octo_tetromino_candy,
          minmay_the_grid_octo_prize_square_snowflake,
          minmay_the_grid_octo_odd_swirl], layout_irregular_city, pond
D:11:     layout_loops_ring, lair_entry_dummy, uniq_grum, uniq_nergalle
D:12:     layout_roguey, hiddenorc2_lemuel, basic_altar, uniq_maurice, uniq_urug
D:13:     layout_small_grid, uniq_jorgrun
D:14:     minmay_general_purpose_star, layout_cross, erik_vaults_2,
          serial_shops, shop, nicolae_shop_trees, kennysheep_mini,
          nicolae_shop_trees, shop_fountains, minivault_26, minivault_8
D:15:     hangedman_depths_entry_try_elsewhere_first, layout_loops_ring,
          hangedman_glass_teeth, serial_park_tiny_1, corexii_leaking_fountain
Temple:   grunt_temple_mini_profane
Lair:1:   layout_regular_city, gauntlet_entry_generic, st_stairs_3,
          chequers_serial_rivers_large_a, minivault_25, lemuel_fruit_tree
Lair:2:   layout_chaotic_city, minmay_snake_entry_guardpost_small,
          minmay_lair_oklob_chamber
Lair:3:   layout_chaotic_city, palyth_hydra_swamp_entry,
          infiniplex_staircase_pool
Lair:4:   layout_regular_city, ebering_ghost_rock_garden, serial_bayou_shore_a
Lair:5:   lemuel_slime, layout_layer_cave, slime_altar_1,
          kennysheep_abandoned_house, lemuel_fruit_fields, lemuel_fruit_fields
Lair:6:   minmay_lair_end_frog_pond, layout_misc_corridors, uniq_sonja
Swamp:1:  layout_basic_swamp, evilmike_swamp_ruin_rubble_1, swamp_pool5
Swamp:2:  layout_basic_swamp, gammafunk_ghost_split,
          nicolae_swamp_round_clearing
Swamp:3:  layout_basic_swamp, basic_altar, infiniplex_staircase_pool_2
Swamp:4:  swamp_icy, layout_basic_swamp, portal_ice_cave_entry_pillars_three
Snake:1:  layout_misc_corridors, minmay_shoptagon, grunt_megastairs_2
Snake:2:  layout_cave_shapes, serial_shops, shop, nicolae_snake_double_loop,
          uniq_kirke, uniq_aizul, uniq_agnes
Snake:3:  layout_chambers, basic_altar, grunt_ministairs_14, drop_trap
Snake:4:  johnstein_snake_rune_scales, layout_misc_corridors, grunt_megastairs_4
Slime:1:  layout_caves
Slime:2:  layout_caves
Slime:3:  layout_caves
Slime:4:  layout_caves
Slime:5
Orc:1:    layout_diamond_mine, serial_shops, nicolae_shop_waterfront,
          nicolae_orc_rich_vein, uniq_erolcha
Orc:2:    pf_orc_diabolical, layout_caves, mines2_david, uniq_rupert
Elf:1:    minmay_elf_arrival_plus, layout_onion_city, serial_shops,
          nicolae_shop_stone, shop, nicolae_shop_trees, shop,
          nicolae_shop_temple_entry_statues_fountains, minmay_elf_demonology,
          uniq_louise
Elf:2:    layout_geoelf_octagon, serial_shops, shop, uniq_asterion
Elf:3:    grunt_elf_hall_diamonds, layout_gridlike
Vaults:1: nicolae_vaults_network_star, vaults_room_pools, vaults_room_fours,
          dpeg_vaults_pockets_of_resistance, v_misc_4, ontoclasm_vaults_chip,
          nicolae_vaults_diagonal_hallway_6, ontoclasm_vaults_eye, v_misc_29,
          v_misc_17, nicolae_vaults_little_squares_2, layout_vaults_big_room,
          enter_trove_1, uniq_nikola
Vaults:2: v_misc_14, ontoclasm_vaults_pinch, v_misc_33, v_misc_30,
          st_greater_box_4, vaults_dpeg_diagonal,
          nicolae_vaults_mini_display_case, layout_vaults_omnigrid
Vaults:3: grunt_vaults_hallway_long, nicolae_vaults_triangles, kb_rosetta,
          ontoclasm_vaults_ring_small, ontoclasm_vaults_ring_small,
          nicolae_vaults_little_squares_3, nicolae_vaults_angled_halls,
          minmay_crypt_entry_nasty_monster, nicolae_vaults_rhombus_7,
          hangedman_vaults_pinch, nicolae_vaults_theta, v_misc_10,
          layout_vaults_ring
Vaults:4: nicolae_vaults_border_crossing, nicolae_vaults_arrows, v_misc_1,
          hangedman_vaults_capsules, nicolae_vaults_hallways_thing,
          nicolae_vaults_little_squares_3, v_pattern_3,
          ontoclasm_vaults_ring_large, vaults_mumra_chevron_long,
          hangedman_vaults_nails, nicolae_vaults_little_squares_3,
          ontoclasm_vaults_claustrophobia, ontoclasm_vaults_twist,
          vaults_mumra_chevron, layout_vaults_maze, serial_shops,
          nicolae_shop_crystal, uniq_margery
Vaults:5: uniq_mara
Crypt:1:  layout_gridlike, roderic_lattice_octagonal_star
Crypt:2:  layout_misc_corridors, st_stairs_5, uniq_boris, uniq_khufu
Crypt:3:  david_glass_crypt, layout_misc_corridors,
          nicolae_tomb_entry_unfolded_pyramid_orthogonal
Tomb:1:   uniq_mennas
Tomb:2
Tomb:3
Depths:1: layout_cave_pools, nicolae_water_bricks, grunt_metal_band,
          nicolae_abyss_entry_one_way_or_another, kennysheep_path_1,
          chequers_serial_rivers_room_a, hangedman_abyss_or_decor_clamps,
          nicolae_blasting_shop, glass_columns_a, hallowed_hall,
          uniq_enchantress, uniq_saint_roka
Depths:2: minmay_guarded_unrand_majin_bo, layout_cave_pools, pf_coc_iceberg,
          pan_entry, lemuel_nasty_fountain, uniq_bai_suzhen
Depths:3: kennysheep_demon_jail, layout_cave_pools, enter_ziggurat_f,
          pf_hell_entry_tar_spiral, lemuel_crystal_altar, abyss_entry, pan_entry
Depths:4: cheibrodos_salmonella, layout_cave_shapes, abyss_entry,
          grunt_hell_entry_dis_old, hangedman_decor_diamond_cutter,
          muffindrake_ghost_three_little_ghosts, minmay_staircase_statues,
          serial_bayou_shore_b
Depths:5: grunt_x_marks_the_spot, layout_gridville, chequers_decorated_corner,
          hell_entry, minmay_misc_feat_square, minmay_misc_feat_pillars
Hell
Dis:1:    grunt_deathspiral_small, layout_overlapping_boxes
Dis:2:    layout_chaotic_city
Dis:3:    layout_subdivisions
Dis:4:    layout_gridville
Dis:5:    layout_chaotic_city
Dis:6:    layout_jigsaw
Dis:7:    iron_city_of_dis [dis_old, dis_wall_2], layout_chaotic_city
Geh:1:    layout_gehenna_pools_triple, hangedman_generic_boss_arena
Geh:2:    layout_gehenna_lava_caves
Geh:3:    layout_gehenna_lava_caves
Geh:4:    layout_gehenna_lava_caves
Geh:5:    layout_gehenna_pools_triple, hangedman_elemental_grid_stream
Geh:6:    layout_gehenna_pools_box
Geh:7:    geh_hangedman
Coc:1:    layout_ice_bergs
Coc:2:    layout_cocytus_water_paths
Coc:3:    layout_ice_bergs
Coc:4:    layout_ice_bergs
Coc:5:    layout_ice_bergs
Coc:6:    layout_cocytus_water_paths
Coc:7:    coc_grunt
Tar:1:    layout_cathedral_of_symmetry
Tar:2:    layout_catacombs
Tar:3:    layout_grid_maze, nicolae_tar_cuneiform_not
Tar:4:    layout_cathedral_of_symmetry
Tar:5:    layout_honeycomb
Tar:6:    layout_grid_maze
Tar:7:    tar_mu [tar_mu_maze]
Zot:1:    layout_onion_interference
Zot:2:    layout_gridlike, drop_trap, st_stairs_3
Zot:3:    kennysheep_blocky_hall, layout_basic
Zot:4:    regret_index_qazlal_generations, layout_misc_corridors
Zot:5:    layout_gridlike

Skill      XL: |  1  2  3  4  5  6  7  8  9 10 11 12 13 14 15 16 17 18 19 20 21 22 23 24 25 26 27 |
---------------+----------------------------------------------------------------------------------+-----
Earth Magic    | 4 5 6 7 8 9 11 13 14 17 18 19 20 21 22 23 24 25 27 | 27.0
Dodging        | 3 4 5 10 13 15 | 15.0
Spellcasting   | 3 4 5 6 7 9 10 11 12 13 14 15 16 17 18 19 20 27 | 27.0
Conjurations   | 1 2 3 5 6 8 9 10 11 20 | 20.6
Evocations     | 1 2 3 4 5 |  5.0
Air Magic      | 1 3 4 |  4.0
Poison Magic   | 1 2 3 4 |  4.0
Necromancy     | 2 4 6 7 11 16 18 | 18.0
Fighting       | 3 5 6 8 13 | 13.9
Shields        | 4 7 9 10 11 12 14 15 | 15.0
Armour         | 3 4 |  4.0
Stealth        | 5 6 7 18 | 18.0
Charms         | 1 6 |  6.0
Axes           | 7 |  7.0
Fire Magic     | 25 | 25.7
Transmutations | |  1.1

Action                   |  1- 3 |  4- 6 |  7- 9 | 10-12 | 13-15 | 16-18 | 19-21 | 22-24 | 25-27 || total
-------------------------+-------+-------+-------+-------+-------+-------+-------+-------+-------++-------
Melee: Short sword       |    94 |    25 |   117 |   632 |   280 |    38 |       |       |       ||  1186
       Bite              |     9 |     7 |    45 |    71 |    31 |     6 |     7 |    70 |   220 ||   466
       Dagger            |       |    99 |   441 |       |       |       |       |       |       ||   540
       War axe           |       |       |       |       |       |    13 |    39 |   292 |   390 ||   734
       Spear             |       |       |       |       |       |       |       |       |   495 ||   495
 Cast: Sandblast         |    26 |    32 |   124 |    86 |    64 |     5 |     5 |     1 |       ||   343
       Mephitic Cloud    |       |       |     4 |    27 |    34 |     3 |       |       |       ||    68
       Lee's Rapid Decon |       |       |     3 |    88 |   154 |   169 |    51 |   149 |   520 ||  1134
       Stone Arrow       |       |       |       |   111 |   130 |    10 |     8 |       |       ||   259
       Regeneration      |       |       |       |     1 |     3 |     2 |    14 |    16 |   223 ||   259
       Blink             |       |       |       |       |     4 |       |       |       |     3 ||     7
       Passwall          |       |       |       |       |     1 |       |       |       |       ||     1
       Iron Shot         |       |       |       |       |   206 |   335 |   262 |   359 |  1174 ||  2336
       Sublimation of Bl |       |       |       |       |       |     6 |    47 |    76 |   644 ||   773
       Borgnjor's Vile C |       |       |       |       |       |       |     4 |       |    29 ||    33
       Shatter           |       |       |       |       |       |       |       |    23 |   218 ||   241
       Infestation       |       |       |       |       |       |       |       |       |   464 ||   464
       Lehudib's Crystal |       |       |       |       |       |       |       |       |   533 ||   533
       Fire Storm        |       |       |       |       |       |       |       |       |    45 ||    45
       Swiftness         |       |       |       |       |       |       |       |       |     3 ||     3
       Ring of Flames    |       |       |       |       |       |       |       |       |     1 ||     1
Invok: Potion Petition   |       |       |       |     3 |     2 |       |       |       |    50 ||    55
       Call Merchant     |       |       |       |       |     5 |       |       |     2 |     3 ||    10
 Abil: Exsanguinate      |       |       |       |       |       |     1 |     1 |       |       ||     2
       Revivify          |       |       |       |       |       |     1 |     1 |       |       ||     2
Evoke: Wand              |       |       |       |     6 |     4 |       |       |       |     1 ||    11
       Sack of spiders   |       |       |       |       |       |       |       |       |     2 ||     2
  Use: Scroll            |       |       |     7 |    15 |     5 |    16 |     6 |    14 |    42 ||   105
       Potion            |       |       |       |    12 |     2 |     3 |     2 |     1 |    19 ||    39
 Stab: Sleeping          |     5 |     4 |     6 |     3 |     2 |       |       |     1 |       ||    21
       Confused          |       |       |     5 |    18 |    30 |     2 |       |       |       ||    55
       Invisible         |       |       |       |     4 |       |       |       |       |       ||     4
       Distracted        |       |       |       |     1 |     5 |       |     1 |    10 |    37 ||    54
Armor: Robe              |    20 |    17 |       |       |       |    25 |    41 |       |       ||   103
       Leather armour    |       |       |    88 |   129 |    74 |    24 |       |   130 |   299 ||   744
       Skin              |       |       |       |       |     6 |       |       |       |       ||     6
Dodge: Dodged            |    68 |    90 |   375 |   474 |   302 |   127 |    96 |   257 |  1487 ||  3276
Block: Other             |       |    20 |   129 |   156 |   112 |    23 |       |       |       ||   440
       Reflection        |       |     1 |     1 |     7 |     5 |     5 |       |       |       ||    19
       Shield            |       |       |       |       |       |    60 |   110 |   425 |  1287 ||  1882
